 Dungeon Crawl Stone Soup version 0.31-a0-361-g0f8bd3a31e (webtiles) character file.

Game seed: 9408921966685376662

17496938 Kiciri the Petrodigitator (level 27, 228/228 HPs)
             Began as a Djinni Conjurer on July 26, 2023.
             Was the Champion of Makhleb.
             Escaped with the Orb
             ... and 15 runes on July 27, 2023!
             The game lasted 04:43:47 (88910 turns).

Kiciri the Petrodigitator (Djinni Conjurer)        Turns: 88910, Time: 04:43:48

Health: 228/228    AC: 17    Str:  8    XL:     27
Gold:   11241      EV: 21    Int: 35    God:    Makhleb [******] SH: 33 Dex: 18

rFire   + + +        a - staff "Yclof" {rElec rPois Will+ Conj}
rCold   + + +        u - +18 shield of the Gong {Loud rN+ Will+ rCorr EV-5}
rNeg    + + +        T - +4 moon troll leather armour {Spirit, Regen++ MP+5}
rPois   ∞            X - +0 mask of the Dragon {Will+ Slay+3 SInv}
rElec   +            Q - +1 cloak of Starlight {*Dazzle EV+4 Stlth--}
rCorr   +            s - +3 pair of gloves of Words of Power {rN+ rCorr Int+3 Dex+3}
SInv    +            (boots unavailable)
Will    +++++        g - amulet of Pim Homm {rC++ rN+ Will- Regen+ Int+3}
Stlth   +++          C - ring "Muifry" {rF+ rC+ Will+}
HPRegen 2.98/turn    W - ring of the Mage {Wiz Archmagi, =R}
MPRegen 0.00/turn

%: clarity, guardian spirit, wizardry (x1), archmagi
@: death-form, flying, studying 6 skills
A: vile attack, torment immunity, no potions, flying, sickness immunity, fire
resistance 2, cold vulnerability 1, float, innate caster, HP casting, extra
vitality 1, clarity, sturdy frame 1
0: Orb of Zot
}: 15/15 runes: serpentine, barnacled, slimy, silver, golden, iron, obsidian,
icy, bone, abyssal, demonic, glowing, magical, fiery, dark
a: Siphon Essence, Begin Untransformation, Renounce Religion, Minor Destruction,
Lesser Servant of Makhleb, Major Destruction, Greater Servant of Makhleb


You escaped.
You worshipped Makhleb.
Makhleb was exalted by your worship.
You were an undying horror.
You visited 18 branches of the dungeon, and saw 88 of its levels.
You visited Pandemonium 2 times, and saw 14 of its levels.
You visited the Abyss 2 times.
You completed 1 ziggurat, and saw 27 of its levels.
You also visited: Volcano, Wizlab and Desolation.

You collected 18045 gold pieces.
You spent 6804 gold pieces at shops.

Inventory:

Hand Weapons
 b - the +6 Majin-Bo {spellvamp, MP+6 Int+6}
   (You found it on level 26 of a ziggurat)

   Int:       It affects your intelligence (+6).
   MP:        It affects your magic capacity (+6).
 c - the +7 Spriggan's Knife {stab, EV+4 Stlth+}
   (You found it on level 21 of a ziggurat)

   Stab:      It is more effective when stabbing unaware enemies, sometimes
   treating them as though they were completely helpless.
   EV:        It affects your evasion (+4).
   Stlth:     It makes you more stealthy.
 k - the +6 sword of Cerebov {flame}
   (You took it off Cerebov in Pandemonium)
 B - the +1 hand axe of the Shining Light {flame, *Corrode +Blink rF+}
   (You found it on level 7 of Cocytus)

   rF:        It protects you from fire.
   +Blink:    It lets you blink.
   *Corrode:  It may corrode you when you take damage.
 E - the +12 glaive of Prune {freeze, Prune}
   (You found it on level 26 of a ziggurat)

   Prune:     It halves damage taken while paralysed, petrified or unconscious.
 I - the +18 lance "Wyrmbane" {slay drac, rPois rF+ rC+ AC+3}
   (You bought it in a shop on level 2 of the Elven Halls)

   AC:        It affects your AC (+3).
   rF:        It protects you from fire.
   rC:        It protects you from cold.
   rPois:     It protects you from poison.
 P - the +2 Maxwell's thermic engine {flame, freeze, rev}
   (You found it on level 10 of a ziggurat)
 R - the +13 sceptre of Asmodeus
   (You took it off Asmodeus on level 7 of Gehenna)

   Fire Summon: It may summon demons of flame and damnation when striking foes.
 S - the +7 sceptre of Torment {pain, torment}
   (You found it on level 20 of a ziggurat)
 U - the +12 trident of the Octopus King {venom, rElec rPois}
   (You found it on level 20 of a ziggurat)

   rElec:     It insulates you from electricity.
   rPois:     It protects you from poison.
 Y - the +8 frozen axe "Frostbite" {freeze, freezing cloud, *Noise Fly rC+}
   (You found it on level 7 of the Iron City of Dis)

   rC:        It protects you from cold.
   Fly:       It grants you flight.
   *Noise:    It may make noises in combat.
Missiles
 A - 19 boomerangs of dispersal
Armour
 f - the +3 hat of Pondering {ponderous, Will+ MP+10 Int+5}
   (You found it on level 3 of the Elven Halls)

   Int:       It affects your intelligence (+5).
   MP:        It affects your magic capacity (+10).
   Will:      It increases your willpower.
 j - the orb of Dispater {+Damnation *Corrode AC+5}
   (You took it off Dispater on level 7 of the Iron City of Dis)

   +Damnation: It grants the ability to hurl damnation at the cost of health and
   magic, with strength depending on Evocations skill.
   AC:        It affects your AC (+5).
   *Corrode:  It may corrode you when you take damage.
 s - the +3 pair of gloves of Words of Power (worn) {rN+ rCorr Int+3 Dex+3}
   (You found it on level 3 of the Shoals)

   Int:       It affects your intelligence (+3).
   Dex:       It affects your dexterity (+3).
   rN:        It protects you from negative energy.
   rCorr:     It protects you from acid and corrosion.
 u - the +18 shield of the Gong (worn) {Loud rN+ Will+ rCorr EV-5}
   (You found it on level 11 of a ziggurat)

   Loud:      It is deafeningly noisy when blocking attacks.
   EV:        It affects your evasion (-5).
   rN:        It protects you from negative energy.
   rCorr:     It protects you from acid and corrosion.
   Will:      It increases your willpower.
 v - the +0 pair of fencer's gloves {Riposte Dex+3}
   (You found it on level 3 of the Elven Halls)

   Riposte:   It allows the wearer to riposte with melee weapons, swiftly
   retaliating against missed or blocked melee attacks.
   Dex:       It affects your dexterity (+3).
 w - the +3 salamander hide armour {Flames, rFlCloud rF++ rC--}
   (You found it on level 23 of a ziggurat)

   Flames:    It surrounds you with flame clouds and enhances your fire magic.
   rFlCloud:  It grants immunity to flame clouds.
   rF:        It greatly protects you from fire.
   rC:        It makes you very vulnerable to cold.
 G - the +10 tower shield of Ignorance {rN+ Int-4}
   (You found it on level 16 of a ziggurat)

   Int:       It affects your intelligence (-4).
   rN:        It protects you from negative energy.
 H - a +0 robe {old, tattered and precious}
 Q - the +1 cloak of Starlight (worn) {*Dazzle EV+4 Stlth--}
   (You found it on level 15 of a ziggurat)

   *Dazzle:   It may blind those who miss an attack against the wearer in melee
   combat.
   EV:        It affects your evasion (+4).
   Stlth:     It makes you much less stealthy.
 T - the +4 moon troll leather armour (worn) {Spirit, Regen++ MP+5}
   (You took it off a deep elf demonologist on level 3 of the Elven Halls)

   MP:        It affects your magic capacity (+5).
   Regen:     It increases your rate of health regeneration.
 X - the +0 mask of the Dragon (worn) {Will+ Slay+3 SInv}
   (You found it on level 17 of a ziggurat)

   Slay:      It affects your accuracy & damage with ranged weapons and melee
   (+3).
   SInv:      It lets you see invisible.
   Will:      It increases your willpower.
Magical Staves
 a - the staff "Yclof" (weapon) {rElec rPois Will+ Conj}
   (You found it on level 19 of a ziggurat)

   [staff of conjuration]

   Base accuracy: +5 Base damage: 5 Base attack delay: 1.2 This weapon's minimum
   attack delay (0.6) is reached at skill level 12.
   rElec:     It insulates you from electricity.
   rPois:     It protects you from poison.
   Conj:      It increases the power of your Conjurations spells.
   Will:      It increases your willpower.
   It falls into the 'Staves' category.
   It is a one-handed weapon.
Jewellery
 g - the amulet of Pim Homm (around neck) {rC++ rN+ Will- Regen+ Int+3}
   (You found it on level 20 of a ziggurat)

   [amulet of regeneration]

   Int:       It affects your intelligence (+3).
   rC:        It greatly protects you from cold.
   rN:        It protects you from negative energy.
   Regen:     It increases your rate of health regeneration.
   Will:      It decreases your willpower.
 q - the ring "Hiucua" {+Blink AC+4 Str+9 Int-5 Slay-6}
   (You found it on level 21 of a ziggurat)

   [ring of protection]

   AC:        It affects your AC (+4).
   Str:       It affects your strength (+9).
   Int:       It affects your intelligence (-5).
   Slay:      It affects your accuracy & damage with ranged weapons and melee
   (-6).
   +Blink:    It lets you blink.
 C - the ring "Muifry" (left hand) {rF+ rC+ Will+}
   (You found it on level 7 of the Iron City of Dis)

   [ring of protection from fire]

   rF:        It protects you from fire.
   rC:        It protects you from cold.
   Will:      It increases your willpower.
 L - the necklace of Bloodlust {Fury *Rage Will++ Int-3 Slay+6}
   (You found it on level 1 of the Tomb of the Ancients)

   [amulet of nothing]

   Fury:      It extends the wearer's berserk rage when killing foes.
   Int:       It affects your intelligence (-3).
   Slay:      It affects your accuracy & damage with ranged weapons and melee
   (+6).
   *Rage:     It berserks you when you make melee attacks (+50% chance).
   Will:      It greatly increases your willpower.
 N - a ring of the Octopus King {Fly HP+2 AC+2 EV+2 SH+2}
   (You found it on level 19 of a ziggurat)

   [ring of flight]

   AC:        It affects your AC (+2).
   EV:        It affects your evasion (+2).
   HP:        It affects your health (+2).
   Fly:       It grants you flight.
   SH:        It affects your SH (+2).
 O - a ring of the Octopus King {rN+ HP+2 AC+2 EV+2 SH+2}
   (You found it on level 27 of a ziggurat)

   [ring of positive energy]

   AC:        It affects your AC (+2).
   EV:        It affects your evasion (+2).
   rN:        It protects you from negative energy.
   HP:        It affects your health (+2).
   SH:        It affects your SH (+2).
 W - the ring of the Mage (right hand) {Wiz Archmagi, =R}
   (You found it on level 3 of the Depths)

   [ring of wizardry]

   It improves your spell success rate.
   Archmagi:  It increases the power of your magical spells.
Talismans
 Z - a talisman of death
Wands
 p - a wand of digging (39)
 z - a wand of quicksilver (46)
Scrolls
 e - 37 scrolls of teleportation
 n - 21 scrolls of blinking
 D - 35 scrolls of fog
Potions
 h - 23 potions of heal wounds
 m - 32 potions of curing
 r - 7 potions of cancellation
 t - 14 potions of haste
 x - 16 potions of brilliance
 F - a potion of experience
 M - 36 potions of mutation
Miscellaneous
 d - the horn of Geryon
 i - a piece from Xom's chessboard (15/15)
 l - a lightning rod (4/4)
 o - 2 +1 figurines of a ziggurat
 y - a box of beasts
 J - a condenser vane
 K - a phial of floods
 V - a phantom mirror


   Skills:
 O Level 27 Fighting
 - Level 12.0(12.9) Polearms
 - Level 8.7(12.0) Staves
 + Level 12.3 Armour
 + Level 16.8 Dodging
 O Level 27 Stealth
 + Level 18.3 Shields
 O Level 27 Spellcasting
 O Level 27 Conjurations
 O Level 27 Hexes
 O Level 27 Summonings
 O Level 27 Necromancy
 O Level 27 Translocations
 O Level 27 Transmutations
 O Level 27 Fire Magic
 O Level 27 Ice Magic
 O Level 27 Air Magic
 O Level 27 Earth Magic
 O Level 27 Poison Magic
 + Level 15.4 Invocations
 O Level 27 Evocations
 O Level 27 Shapeshifting


You knew the following spells:

 Your Spells              Type           Power      Damage    Failure   Level
a - Leda's Unmaking       Conj/Erth      88%        9d14      0%          6
b - Fire Storm            Conj/Fire      88%        8d22      1%          9
c - Shatter               Erth           75%        3d55*     1%          9
d - Iskenderun's Mystic   Conj/Tloc      100%       2d19      0%          4
e - Poisonous Vapours     Pois/Air       100%       N/A       0%          2
f - Alistair's Intoxicat  Tmut/Pois      100%       N/A       0%          5
g - Magic Dart            Conj           100%       1d8       0%          1
h - Dazzling Flash        Conj/Hex       100%       N/A       0%          3
i - Searing Ray           Conj           100%       2d8       0%          2
j - Fulminant Prism       Conj/Hex       88%        3d34      0%          4
A - Ozocubu's Armour      Ice            100%       N/A       0%          3
B - Olgreb's Toxic Radia  Pois           100%       N/A       0%          4
C - Anguish               Hex/Necr       75%        N/A       0%          4
D - Eringya's Noxious Bo  Tmut/Pois      75%        4d6       0%          6
G - Summon Cactus Giant   Summ           75%        N/A       0%          6
H - Discord               Hex            75%        N/A       1%          8
X - Maxwell's Capacitive  Air            75%        ∞         1%          8
Z - Apportation           Tloc           100%       N/A       0%          1
Your spell library was empty.

Dungeon Overview and Level Annotations

Branches:
Dungeon (15/15)            Temple (1/1) D:6            Lair (5/5) D:11
 Shoals (4/4) Lair:3        Snake (4/4) Lair:2        Slime (5/5) Lair:5
    Orc (2/2) D:11            Elf (3/3) Orc:2        Vaults (5/5) D:14
  Crypt (3/3) Vaults:3       Tomb (3/3) Crypt:3      Depths (4/4) D:15
   Hell (visited)             Dis (7/7) Hell            Geh (7/7) Hell
    Coc (7/7) Hell            Tar (7/7) Hell            Zot (5/5) Depths:4
Volcano (visited)          WizLab (visited)         Desolation (visited)

Altars:
Ashenzari
Cheibriados
Dithmenos
Elyvilon
Fedhas
Gozag
Hepliaklqana
Makhleb
Nemelex Xobeh
Okawaru
Qazlal
Ru
Trog
Uskayaw
Wu Jian
Xom
Yredelemnul
Zin
The Shining One
Jiyva

Shops:
Orc:1 :   Orc:2 :[*?[   Elf:2 :?*   Shoals:1 (   Shoals:2 *   Shoals:4 [(
Snake:2 :   Vaults:3 ((   Vaults:5 !!   Depths:2 [   Depths:3 *

Portals:
Hell: Depths:1 Depths:2 Depths:3 Depths:4
Abyss: Depths:1 Depths:3
Pandemonium: Depths:1 Depths:2

Annotations:
D:2 Sigmund
D:3 3 runed translucent doors, exclusion: 3 doors, Nr616's ghost, novice MfGl
Shoals:2 1 runed translucent door, exclusion: door, Beaer's ghost, journeyman DrFi
Zot:1 1 runed translucent door


Innate Abilities, Weirdness & Mutations

You are an undying horror.
Your melee and unarmed attacks drain, slow and weaken victims.
You are immune to unholy pain and torment.
You cannot drink.
You are flying.
You are immune to sickness and miasma.
You are immune to poison.
Your flesh is very heat resistant. (rF++)
You are vulnerable to cold. (rC-)
You float through the air rather than walking.
You learn spells naturally, not from books.
Your magical power is your life essence.
You have superior vitality. (+4 MHP)
You possess an exceptional clarity of mind.
Your movements are slightly less encumbered by armour. (ER -2)


Message History

The hell hound barks!
The hell hound breathes flames at you.
The blast of flame hits you but does no damage.
You block the hell hound's attack.
GONNNNG!
The hell hound breathes flames at you.
The blast of flame hits the hell hound.
The hell hound completely resists.
The blast of flame misses you.
The blast of flame hits the plant!!
The plant begins to die.
The hell hound breathes flames at you. The blast of flame hits you. You resist.
You feel a strong surge of power!
The entropic shot hits the hell hound!!!
The hell hound dissolves into mud!
You kill the hell hound!
Makhleb accepts your kill.
You feel better.
You feel a strong surge of power!
The entropic shot misses the hell hound.
You feel a strong surge of power!
The entropic shot hits the hell hound!!!
The hell hound dissolves into mud!
You kill the hell hound!
Makhleb accepts your kill.
You feel better.
You feel a strong surge of power!
The entropic shot hits the hell hound!!!
The hell hound dissolves into mud!
You kill the hell hound!
Makhleb accepts your kill.
A nearby plant withers and dies.
There is a staircase leading out of the dungeon here.
You see here a +0 robe.
Enter note: ...ah.
My old robe. ^_^' You drop 5 scrolls of butterflies.
H - a +0 robe Inscribe with what? old, tattered and precious You have escaped!

.........#...#'###'#...~.....##
..[........###.~#~.#......##..###
###........# #.~~~.#.............
#........# #.~8~.#........#####
###........# #.....#.............
....#####'####♣..~♣#.............
....####....##P♣.♣P#......#......
....##......###P..#########......
###.##.#....##P#z#P# #......
#.##.#....###.♣.## #......
###.##.#....# #♣#♣# ######......
..#.....#...# #.....######
..####..#...# ###..........#
).####..####### #............#
.#............# #............#
........#.....# #............#
..............# ###..........#


There were no monsters in sight!

Vanquished Creatures
  Cerebov (Pan)
  Antaeus (Coc:7)
  Asmodeus (Geh:7)
  Ereshkigal (Tar:7)
  Dissolution (Slime:5)
  the Royal Jelly (Slime:5)
  Gloorx Vloq (Pan)
  Mnoleg (Pan)
  Lom Lobon (Pan)
  the Serpent of Hell (Tar:7)
  14 dread liches
  Khufu (Tomb:2)
  11 orbs of fire
  Dispater (Dis:7)
  The ghost of Lioda the Conqueror, a legendary MiBe of Trog (Depths:4)
  21 ancient liches
  7 juggernauts
  Mennas (Vaults:3)
  32 royal mummies
  Josephina (Crypt:3)
  Boris (twice) (Crypt:3 Tomb:1)
  7 Killer Klowns
  Vashnia (Snake:2)
  14 shard shrikes
  3 curse toes
  43 caustic shrikes
  A golden dragon (shapeshifter) (Zig:12)
  Nikola (Shoals:2)
  Geryon (Hell)
  17 golden dragons
  12 profane servitors
  33 bone dragons
  15 Brimstone Fiends
  13 doom hounds
  6 electric golems
  A shard shrike zombie (Tar:4)
  12 Tzitzimimeh
  2 spectral shard shrikes
  23 Ice Fiends
  17 iron giants
  23 hellephants
  9 liches
  22 tentacled monstrosities
  18 tainted leviathans
  Jorgrun (Snake:3)
  5 deep elf blademasters
  25 Orb Guardians (Zot:5)
  7 quicksilver dragons
  22 Hell Sentinels
  14 titans
  5 deep elf master archers
  6 pandemonium lords
  18 searing wretches
  A sphinx (shapeshifter) (Zig:12)
  7 death cobs
  31 ancient champions
  41 acid blobs
  Polyphemus (Shoals:2)
  13 sphinxes
  26 Executioners
  3 krakens
  A thorn hunter (Zig:16)
  Agnes (Elf:2)
  6 tentacled starspawn
  5 storm dragons
  14 shadow dragons
  9 tengu reavers
  9 revenants
  A daeva (Pan)
  Roxanne (Snake:4)
  12 draconian knights
  23 azure jellies
  Ilsuiw (Shoals:2)
  9 draconian monks
  16 narguns
  6 nagarajas
  17 rockslimes
  5 demonspawn warmongers (Pan)
  A fenstrider witch (shapeshifter) (Zig:12)
  6 vault wardens
  9 iron dragons
  11 frost giants
  23 quicksilver elementals
  4 deep elf sorcerers
  24 fire giants
  17 curse skulls
  2 spectral caustic shrikes
  10 draconian scorchers
  10 shard shrike simulacra
  37 balrugs
  6 draconian shifters
  3 deep elf elementalists (Elf:3)
  6 ghost moths
  A juggernaut zombie (Tar:4)
  A caustic shrike zombie (Crypt:3)
  13 cacodemons
  2 imperial myrmidons (Desolation)
  14 draconian annihilators
  23 reapers
  12 draconian stormcallers
  4 spriggan defenders
  A quicksilver ooze (shapeshifter) (Depths:3)
  19 orc warlords
  6 demonspawn corrupters (Pan)
  26 ghouls
  25 quicksilver oozes
  14 stone giants
  4 demonspawn blood saints (Pan)
  9 very ugly things
  11 ironbound preservers
  2 juggernaut skeletons
  11 vampire knights
  9 formless jellyfish
  8 ironbound thunderhulks
  35 war gargoyles
  2 starflowers (Abyss:3)
  An angel (Pan)
  8 putrid mouths
  A demonspawn black sun (Pan)
  25 elemental wellsprings
  12 white draconians
  12 black draconians
  12 deep elf annihilators
  9 deep elf demonologists
  14 green draconians
  11 purple draconians
  15 red draconians
  14 bennus
  An eleionoma (Zig:16)
  15 lorocyprocas
  22 dire elephants
  A dire elephant (shapeshifter) (Vaults:5)
  27 wendigos
  A spectral titan (Tar:1)
  4 spark wasps
  9 yellow draconians
  A bunyip (Zig:16)
  2 halazid warlocks (Desolation)
  13 green deaths
  11 blizzard demons
  35 eidola
  7 jiangshi
  7 deep elf death magi
  13 ettins
  Snorg (Orc:1)
  6 merfolk impalers
  5 fire dragons
  25 mummy priests
  A spectral quicksilver dragon (Tar:3)
  An acid blob zombie (Crypt:2)
  A spectral fenstrider witch (Tar:1)
  4 merfolk javelineers
  3 ragged hierophants (Desolation)
  5 crystal guardians
  5 entropy weavers
  11 deep elf high priests
  2 entropy weavers (shapeshifter) (WizLab)
  A spectral iron giant (Tar:7)
  13 yaktaur captains
  9 ice dragons
  9 great orbs of eyes
  4 rakshasas
  14 servants of whispers (Desolation)
  15 vault guards
  3 spriggan zombies
  A quicksilver dragon skeleton (Pan)
  9 caustic shrike simulacra
  3 ogre magi
  7 centaur warriors
  13 peacekeepers
  33 hydras
  21 salamander tyrants
  2 spriggan air magi
  2 ghost crabs (Zig:16)
  A radroach (Zig:14)
  A bennu zombie (Crypt:2)
  2 ironbound frosthearts
  3 hell beasts
  2 spectral stone giants
  4 alligators (Zig:16)
  47 dancing weapons
  14 stokers
  4 catoblepae
  A merfolk avatar (Shoals:2)
  12 boulder beetles
  A fenstrider witch skeleton (Pan)
  5 two-headed ogres
  46 death scarabs
  5 juggernaut simulacra
  4 merfolk aquamancers
  15 naga warriors
  4 tengu warriors
  6 death knights
  14 death yaks
  9 demonic crawlers
  13 vampire magi
  20 anacondas
  Urug (D:14)
  3 deep troll earth magi
  2 spriggan berserkers (Depths:1)
  15 orc high priests
  A satyr (Shoals:3)
  18 shock serpents
  41 hell hogs
  6 thrashing horrors
  3 spectral nagas
  4 hell knights
  26 crystal echidnas
  8 deep elf knights
  14 soul eaters
  9 iron trolls
  2 titan zombies (Crypt:3)
  13 naga sharpshooters
  Sonja (Lair:5)
  A spriggan (Zig:16)
  2 spectral dire elephants
  48 sun demons
  6 skysharks
  33 shadow wraiths
  A fire crab (Zig:24)
  16 sixfirhies
  9 wretched stars
  A pharaoh ant (Zig:14)
  An iron giant zombie (Tomb:3)
  5 salamander mystics
  4 bunyip zombies (Crypt:3)
  29 skeletal warriors
  A spectral death yak (Lair:5)
  2 spectral anacondas
  25 deep trolls
  4 quicksilver dragon simulacra
  20 sea snakes
  2 deep trolls (shapeshifter)
  13 flayed ghosts
  3 orb spiders (Zig:14)
  6 glowing orange brains
  A spatial maelstrom (Zig:18)
  A golden dragon skeleton (Depths:3)
  2 goliath frogs (Zig:16)
  9 spriggan druids
  Lodul (D:13)
  3 bog bodies
  2 orange crystal statues
  11 shadow demons
  12 wizards
  11 naga ritualists
  3 swamp dragons (Zig:16)
  17 ironbound convokers
  A kraken simulacrum (Shoals:4)
  2 anaconda zombies (Crypt:3)
  9 spriggan simulacra
  3 obsidian statues
  31 harpies
  2 spectral hydras
  A sphinx zombie (Crypt:1)
  A steelbarb worm (Zig:14)
  7 mana vipers
  2 anaconda skeletons (Volcano)
  6 deep elf archers
  21 deep elf pyromancers
  27 deep elf zephyrmancers
  8 necromancers
  A shining eye (shapeshifter) (WizLab)
  6 lindwurms
  26 phantasmal warriors
  16 starcursed masses
  12 orc knights
  10 wolf spiders
  20 orc sorcerers
  A stone giant zombie (Tomb:2)
  10 shining eyes
  2 will-o-the-wisps (Zig:16)
  23 ugly things
  23 moths of wrath
  16 manticores
  2 oklob plants
  A wolf spider (shapeshifter) (Vaults:5)
  6 fauns
  13 cyclopes
  2 spectral ettins
  48 large abominations
  2 worldbinders
  A naga zombie (Crypt:3)
  17 salamanders
  A stone giant skeleton (Tomb:1)
  Maurice (Orc:2)
  An elephant (shapeshifter) (Zig:26)
  10 merfolk sirens
  5 centaur zombies
  40 black mambas
  34 elephants
  19 naga magi
  14 guardian serpents
  5 apocalypse crabs
  An alligator snapping turtle zombie (Tomb:2)
  8 eyes of devastation
  A torpor snail (shapeshifter) (Zig:1)
  38 smoke demons
  13 vault sentinels
  6 titan simulacra
  5 water nymphs
  24 cane toads
  7 gargoyles
  An ice statue (Zig:12)
  20 molten gargoyles
  2 rust devils
  4 centaur skeletons (Pan)
  25 hellions
  A cane toad (shapeshifter) (WizLab)
  5 torpor snails
  A storm dragon simulacrum (Zig:21)
  10 orange demons
  Maggie (D:6)
  3 efreet (Pan)
  A dire elephant skeleton (Pan)
  12 rime drakes
  A minotaur zombie (Crypt:2)
  2 unseen horrors (shapeshifter)
  2 yaktaurs (shapeshifter) (WizLab)
  26 tormentors
  A yaktaur skeleton (Vaults:2)
  26 komodo dragons
  2 kobold demonologists
  A tengu conjurer (D:15)
  5 anaconda simulacra
  4 komodo dragons (shapeshifter)
  3 golden dragon simulacra
  2 iron giant simulacra
  14 freezing wraiths
  2 ancient zymes
  9 yaktaurs
  A bunyip simulacrum (Crypt:3)
  3 spectral harpies
  18 hellwings
  3 harpy zombies
  59 guardian mummies
  27 merfolk
  6 wind drakes
  3 silent spectres
  5 meliai
  A wind drake (shapeshifter) (WizLab)
  4 red devils
  A tarantella (Zig:14)
  A bloated husk (Zig:16)
  14 trolls
  2 hornets (shapeshifter)
  A hydra skeleton (Pan)
  2 shadow dragon simulacra
  9 polar bears
  57 saltlings (Desolation)
  3 harpy skeletons
  2 tarantellas (shapeshifter)
  6 raiju
  2 dream sheep (shapeshifter)
  3 iron dragon simulacra
  A blink frog (shapeshifter) (WizLab)
  A deep troll zombie (Vaults:2)
  An ettin zombie (Crypt:3)
  2 hornets
  14 blink frogs
  3 alligator skeletons
  A meliai zombie (D:12)
  7 snapping turtles
  13 dream sheep
  2 stone giant simulacra
  2 spectral elephants (Lair:5)
  A frost giant simulacrum (Vaults:1)
  3 jumping spiders (Crypt:3)
  2 culicivoras (Zig:14)
  112 slime creatures
  10 flying skulls
  A centaur simulacrum (Crypt:3)
  2 naga simulacra (Coc:7)
  A wyvern (shapeshifter) (Vaults:5)
  14 wyverns
  7 vampires
  2 ettin skeletons
  5 shadows
  17 wraiths
  4 dire elephant simulacra
  15 ynoxinuls
  An air elemental (Zig:20)
  16 ushabtiu
  A yak (shapeshifter) (WizLab)
  17 water elementals
  43 yaks
  3 fire elementals
  2 hogs (shapeshifter)
  3 basilisks (shapeshifter) (WizLab)
  19 golden eyes
  4 steam dragons
  12 basilisks
  16 humans (D:14)
  2 human simulacra
  16 chaos spawn
  A redback (shapeshifter) (WizLab)
  16 vampire mosquitoes
  A death yak simulacrum (Lair:5)
  35 iron golems
  22 neqoxecs
  2 redbacks (Crypt:3)
  An elf skeleton (Vaults:1)
  A spectral cane toad (Lair:5)
  9 wargs
  21 harpy simulacra
  A naga (shapeshifter) (WizLab)
  43 nagas
  2 swamp worms (shapeshifter)
  3 acid dragons
  2 hydra simulacra (Coc:7)
  A water moccasin (shapeshifter) (D:8)
  37 water moccasins
  6 hell hounds
  8 small abominations
  2 floating eyes (shapeshifter)
  6 floating eyes
  Duvessa (D:6)
  An elephant zombie (Lair:5)
  A sky beast (shapeshifter) (Zig:26)
  62 orc warriors
  7 ice beasts
  6 black bears
  A sky beast (D:7)
  2 black bears (shapeshifter) (WizLab)
  8 boggarts
  7 ettin simulacra
  26 wolves
  39 ogres
  A tengu (shapeshifter) (WizLab)
  2 elephant skeletons
  21 centaurs
  6 phantoms
  A swamp dragon skeleton (Pan)
  2 kobold brigands (D:8)
  13 bullfrogs
  4 earth elementals
  A gnoll sergeant (Orc:1)
  19 necrophages
  6 scorpions
  8 wyvern skeletons (Crypt:3)
  16 wights
  Dowan (D:6)
  19 killer bees
  A polar bear skeleton (Crypt:1)
  3 spriggan skeletons
  2 electric eels (Snake:2)
  3 howler monkeys
  A troll skeleton (Volcano)
  7 jellies
  A quasit (Abyss:2)
  8 hounds
  16 orc priests
  A gnoll bouda (D:4)
  An iguana (D:7)
  3 sleepcaps
  18 orc wizards
  6 hell rats (Lair:5)
  5 naga skeletons
  A deep dwarf skeleton (Crypt:1)
  39 mummies
  6 gnolls
  7 adders
  A shadow imp (D:8)
  5 white imps
  5 ufetubi
  An iguana zombie (Crypt:2)
  A worm (D:4)
  2 dart slugs
  57 orcs
  8 ball pythons
  3 bats
  11 endoplasms
  4 giant cockroaches
  A gnoll zombie (Crypt:1)
  6 goblins
  9 hobgoblins
  5 jackals
  2 quokkas (D:2)
  A ball python skeleton (Crypt:1)
  6 frilled lizards
  3 kobolds
  A quokka zombie (Crypt:2)
  4 rats
  A rat skeleton (Crypt:1)
  6 creeping infernos
  7 fire vortices
  A starspawn tentacle (Zig:18)
  6 tentacles
4632 creatures vanquished.

Vanquished Creatures (collateral kills)
  Mara (Elf:3)
  A juggernaut (Zig:22)
  2 royal mummies (Tomb:1)
  Sojobo (Depths:2)
  A caustic shrike (Depths:2)
  A mutant beast (WizLab)
  2 bone dragons
  A doom hound (Tar:7)
  3 tentacled monstrosities
  A Tzitzimitl (Tar:6)
  2 hellephants
  A lich (Abyss:3)
  3 Orb Guardians
  An acid blob (Slime:5)
  5 sphinxes
  2 tengu reavers
  2 shadow dragons
  3 draconian monks (Zig:7)
  2 azure jellies
  A frost giant (Depths:1)
  8 vault wardens
  A draconian scorcher (Zig:4)
  A deep elf elementalist (Elf:3)
  A deep elf sorcerer (Vaults:5)
  A draconian annihilator (Zig:7)
  10 ironbound preservers
  3 orc warlords
  2 stone giants (Depths:2)
  A war gargoyle (Vaults:5)
  2 ironbound thunderhulks
  A green draconian (Zot:5)
  3 deep elf demonologists
  10 very ugly things
  2 vampire knights
  A yellow draconian (Zot:2)
  A red draconian (Zot:3)
  3 deep elf annihilators
  2 purple draconians (Zig:7)
  13 dire elephants
  6 spark wasps
  A deep elf death mage (Elf:3)
  A mummy priest (Tomb:1)
  A merfolk javelineer (Zig:5)
  A green death (Zig:16)
  5 deep elf high priests
  A fire dragon (Depths:1)
  4 great orbs of eyes
  A ragged hierophant (Desolation)
  2 entropy weavers
  2 rakshasas
  7 yaktaur captains
  15 vault guards
  4 hydras
  A catoblepas (Zig:6)
  A centaur warrior (Vaults:3)
  An ogre mage (Zig:4)
  An alligator snapping turtle (Zig:5)
  6 ironbound frosthearts
  5 dancing weapons
  2 deep troll shamans
  A vampire mage (Zig:11)
  2 orc high priests (Zig:22)
  3 spriggan berserkers
  A death yak (Zig:27)
  A naga warrior (Snake:2)
  A demonic crawler (Zig:14)
  5 deep elf knights
  A soul eater (Depths:1)
  A naga sharpshooter (Snake:2)
  A shadow wraith (Tar:7)
  33 deep trolls
  An iron troll (Depths:3)
  6 deep elf archers
  An orb spider (Zig:14)
  A shadow demon (Depths:1)
  3 wizards
  7 lindwurms
  5 ironbound convokers
  9 deep elf zephyrmancers
  A mana viper (shapeshifter) (Zig:12)
  9 orc knights
  13 deep elf pyromancers
  A tengu skeleton (Tomb:1)
  A phantasmal warrior (Vaults:2)
  16 ugly things
  A necromancer (Zig:4)
  2 orc sorcerers
  A wolf spider (Zig:14)
  An elephant (Zig:27)
  3 moths of wrath
  6 vault sentinels
  A naga mage (Snake:1)
  A smoke demon (Depths:1)
  An eye of devastation (Pan)
  A rust devil (Depths:1)
  An apocalypse crab (Zig:12)
  A torpor snail (Zig:14)
  An alligator snapping turtle zombie (Crypt:1)
  2 cane toads (Zig:27)
  A rime drake (Zig:6)
  A komodo dragon (Zig:27)
  27 yaktaurs
  A red devil (Depths:1)
  A troll (Zig:15)
  2 hellwings (Depths:1)
  2 hornets (Depths:4)
  7 saltlings (Desolation)
  A blink frog (Lair:3)
  A jumping spider (Zig:14)
  7 slime creatures
  2 spriggans
  2 yaks (Zig:27)
  2 water elementals
  A wyvern (Zig:27)
  A basilisk (Zig:6)
  3 golden eyes
  2 neqoxecs (Pan)
  A chaos spawn (Depths:1)
  3 redbacks
  4 large abominations
  A warg (Zig:22)
  A floating eye (Pan)
  3 water moccasins
  3 orc warriors
  A wolf (Zig:6)
  4 ogres (Zig:22)
  A boggart (Vaults:1)
  An orc priest (Zig:15)
  2 orc wizards (Zig:15)
  2 mummies
  A rat skeleton (Crypt:1)
  5 fire vortices
414 creatures vanquished.

Vanquished Creatures (others)
  A shard shrike (Zig:21)
  2 caustic shrikes (Zig:27)
  A golden dragon (Zig:16)
  An Executioner (Pan)
  An eldritch tentacle (Pan)
  A tengu reaver (Zig:26)
  A draconian knight (Zig:9)
  3 vault wardens
  4 ironbound preservers
  A very ugly thing (Depths:4)
  A broodmother (Zig:14)
  A deep elf demonologist (Elf:3)
  2 dire elephants
  A bunyip (Zig:16)
  2 deep elf death magi
  An ettin (Depths:4)
  A ragged hierophant (Desolation)
  An ironbound frostheart (Vaults:4)
  A vault guard (Vaults:5)
  A hydra (Zig:6)
  A centaur warrior (Vaults:3)
  A death yak (Zig:27)
  A tengu warrior (Depths:4)
  5 deep troll earth magi
  A spriggan berserker (Depths:2)
  5 deep elf knights
  4 deep trolls
  A deep elf archer (Elf:2)
  5 deep elf zephyrmancers
  An ironbound convoker (Vaults:4)
  An orc knight (Orc:2)
  5 ugly things
  An orc sorcerer (Zig:15)
  A deep elf pyromancer (Elf:2)
  A moth of wrath (Zig:14)
  A vault sentinel (Vaults:4)
  A cane toad (Zig:27)
  2 yaktaurs
  A tengu conjurer (Depths:4)
  A freezing wraith (Vaults:1)
  A golden dragon simulacrum (Zig:21)
  A meliai (D:15)
  A saltling (Desolation)
  A slime creature (Zig:8)
  A spriggan (Depths:4)
  2 orc warriors
  An ogre (Zig:15)
  2 centaurs
  2 orc priests
  An orc (Vaults:5)
  A creeping inferno (Geh:2)
  649 fire vortices
  4 foxfires (Zig:16)
  81 fulminant prisms
  A starspawn tentacle (Zig:18)
  13 tentacles
830 creatures vanquished.

Grand Total: 5876 creatures vanquished

Notes
Turn   | Place    | Note
-------+----------+-------------------------------------------
     0 | D:1      | Kiciri the Djinni Conjurer began the quest for the Orb.
     0 | D:1      | Kiciri set off with the following spells memorised: Magic
                  | Dart, Searing Ray, Dazzling Flash, Fulminant Prism,
                  | Iskenderun's Mystic Blast.
     0 | D:1      | Reached XP level 1. HP: 15/15 MP: 0/0
   135 | D:1      | Reached XP level 2. HP: 17/21 MP: 0/0
   311 | D:1      | Reached XP level 3. HP: 20/25 MP: 0/0
   311 | D:1      | Learned a level 1 spell: Apportation
   952 | D:2      | Noticed Sigmund
  1318 | D:2      | Reached XP level 4. HP: 27/31 MP: 0/0
  1772 | D:3      | Found a runed translucent gate.
  1780 | D:3      | Found a runed translucent gate.
  1780 | D:3      | Found a runed translucent gate.
  1831 | D:3      | Noticed Nr616's ghost (novice MfGl)
  2489 | D:3      | Reached XP level 5. HP: 12/35 MP: 0/0
  2489 | D:3      | Learned a level 2 spell: Poisonous Vapours
  2623 | D:4      | Reached skill level 5 in Spellcasting
  2623 | D:4      | Reached skill level 5 in Conjurations
  2623 | D:4      | Reached skill level 5 in Hexes
  2623 | D:4      | Reached skill level 5 in Summonings
  2623 | D:4      | Reached skill level 5 in Necromancy
  2623 | D:4      | Reached skill level 5 in Translocations
  2623 | D:4      | Reached skill level 5 in Transmutations
  2623 | D:4      | Reached skill level 5 in Fire Magic
  2623 | D:4      | Reached skill level 5 in Ice Magic
  2623 | D:4      | Reached skill level 5 in Air Magic
  2623 | D:4      | Reached skill level 5 in Earth Magic
  2623 | D:4      | Reached skill level 5 in Poison Magic
  2693 | D:4      | Found a hide-covered altar of Uskayaw.
  2711 | D:4      | Noticed an ogre
  2724 | D:4      | Killed an ogre
  2725 | D:4      | Reached XP level 6. HP: 34/40 MP: 0/0
  2964 | D:4      | Reached XP level 7. HP: 34/45 MP: 0/0
  2964 | D:4      | Learned a level 3 spell: Ozocubu's Armour
  3294 | D:5      | Entered Level 5 of the Dungeon
  4183 | D:6      | Reached XP level 8. HP: 43/50 MP: 0/0
  4470 | D:6      | Noticed Maggie
  4475 | D:6      | Noticed Dowan
  4484 | D:6      | Killed Dowan
  4490 | D:6      | Killed Maggie
  4493 | D:6      | Noticed Duvessa
  4745 | D:6      | Killed Duvessa
  4809 | D:6      | Reached XP level 9. HP: 50/55 MP: 0/0
  4809 | D:6      | Learned a level 4 spell: Olgreb's Toxic Radiance
  4874 | D:6      | Found a staircase to the Ecumenical Temple.
  4880 | Temple   | Entered the Ecumenical Temple
  4897 | Temple   | Became a worshipper of Makhleb the Destroyer
  4933 | D:6      | Found a hazy altar of Hepliaklqana.
  4937 | D:6      | Found an ornate altar of the Wu Jian Council.
  4937 | D:6      | Found a basalt altar of Yredelemnul.
  5888 | D:7      | Reached skill level 10 in Spellcasting
  5888 | D:7      | Reached skill level 10 in Conjurations
  5888 | D:7      | Reached skill level 10 in Hexes
  5888 | D:7      | Reached skill level 10 in Summonings
  5888 | D:7      | Reached skill level 10 in Necromancy
  5888 | D:7      | Reached skill level 10 in Translocations
  5888 | D:7      | Reached skill level 10 in Transmutations
  5888 | D:7      | Reached skill level 10 in Fire Magic
  5888 | D:7      | Reached skill level 10 in Ice Magic
  5888 | D:7      | Reached skill level 10 in Air Magic
  5888 | D:7      | Reached skill level 10 in Earth Magic
  5888 | D:7      | Reached skill level 10 in Poison Magic
  6169 | D:7      | Reached * piety under Makhleb
  6457 | D:7      | Reached XP level 10. HP: 49/60 MP: 0/0
  7176 | D:8      | Noticed a gargoyle
  7200 | D:8      | Killed a gargoyle
  7455 | D:8      | Noticed a brown ugly thing
  7467 | D:8      | Killed a brown ugly thing
  7685 | D:8      | Reached ** piety under Makhleb
  7689 | D:8      | Noticed a cyclops
  7701 | D:8      | Killed a cyclops
  7712 | D:8      | Reached XP level 11. HP: 41/66 MP: 0/0
  7712 | D:8      | Learned a level 4 spell: Anguish
  7812 | D:8      | Reached skill level 1 in Fighting
  7812 | D:8      | Reached skill level 1 in Armour
  7812 | D:8      | Reached skill level 1 in Invocations
  7812 | D:8      | Reached skill level 1 in Evocations
  7994 | D:8      | You are sucked into a shaft and drop 3 floors!
  8022 | D:10     | Entered Level 10 of the Dungeon
  8218 | D:9      | Reached *** piety under Makhleb
  8430 | D:9      | Found a stormy altar of Qazlal.
  8468 | D:8      | Noticed a boulder beetle
  8483 | D:8      | Killed a boulder beetle
  8569 | D:8      | Noticed a boulder beetle
  8591 | D:8      | Killed a boulder beetle
  8758 | D:8      | Noticed an orc knight
  8800 | D:8      | Killed an orc knight
  9077 | D:8      | Noticed a boulder beetle
  9085 | D:8      | Killed a boulder beetle
  9537 | D:9      | Reached XP level 12. HP: 66/76 MP: 0/0
  9645 | D:9      | Found an opulent altar of Gozag.
 10219 | D:10     | Reached skill level 5 in Dodging
 11399 | D:11     | Noticed a two-headed ogre
 11407 | D:11     | Killed a two-headed ogre
 11431 | D:11     | Found a staircase to the Lair.
 11451 | D:11     | Found a staircase to the Orcish Mines.
 11483 | D:11     | Reached **** piety under Makhleb
 11651 | D:11     | Noticed a boulder beetle
 11668 | D:11     | Killed a boulder beetle
 12060 | D:11     | Reached skill level 5 in Fighting
 12060 | D:11     | Reached skill level 5 in Armour
 12060 | D:11     | Reached skill level 5 in Invocations
 12060 | D:11     | Reached skill level 5 in Evocations
 12130 | D:11     | Identified the +10 trident of Modesty {flame, rElec Str+3}
 12461 | Orc:1    | Entered Level 1 of the Orcish Mines
 12565 | Orc:1    | Noticed Snorg
 12580 | Orc:1    | Killed Snorg
 12581 | Orc:1    | Reached XP level 13. HP: 50/85 MP: 0/0
 12581 | Orc:1    | Learned a level 5 spell: Alistair's Intoxication
 12815 | Orc:2    | Entered Level 2 of the Orcish Mines
 12972 | Orc:2    | Noticed Maurice
 12988 | Orc:2    | Killed Maurice
 13965 | Orc:2    | Reached ***** piety under Makhleb
 14114 | Orc:2    | Found a staircase to the Elven Halls.
 14165 | Orc:2    | Found Tekh's Antique Armour Shoppe.
 14618 | Orc:2    | Found Noankog's General Store.
 14618 | Orc:2    | Found Cumallu's Antique Armour Shop.
 14618 | Orc:2    | Found Laxask's Book Boutique.
 14621 | Orc:2    | Found Inysei's Magic Scroll Emporium.
 14633 | Orc:2    | Bought a scroll of identify for 32 gold pieces
 14633 | Orc:2    | Bought a scroll of identify for 32 gold pieces
 14633 | Orc:2    | Bought a scroll of teleportation for 48 gold pieces
 14633 | Orc:2    | Bought a scroll of immolation for 64 gold pieces
 14633 | Orc:2    | Bought a scroll of noise for 16 gold pieces
 14633 | Orc:2    | Bought a scroll of butterflies for 64 gold pieces
 14633 | Orc:2    | Bought a scroll of blinking for 120 gold pieces
 14635 | Orc:2    | Bought a scroll of revelation for 120 gold pieces
 14640 | Orc:2    | Bought a potion of heal wounds for 70 gold pieces
 14641 | Orc:2    | Bought a shiny helmet for 172 gold pieces
 14641 | Orc:2    | Bought a runed helmet for 172 gold pieces
 14641 | Orc:2    | Bought a runed helmet for 172 gold pieces
 14962 | Orc:1    | Noticed a walking earthen tome
 14963 | Orc:1    | Found Yqeasaug's Book Shoppe.
 15201 | Orc:1    | Noticed a walking frostbound tome
 16217 | D:12     | Reached XP level 14. HP: 68/96 MP: 0/0
 17188 | D:13     | Noticed Lodul
 17201 | D:13     | Killed Lodul
 17442 | D:13     | Identified the ring "Sicsemu" {Fly rElec rPois Dex+5}
 17566 | D:14     | Noticed Urug
 17566 | D:14     | Found a gate to the Vaults.
 17579 | D:14     | Killed Urug
 17579 | D:14     | Reached ****** piety under Makhleb
 19083 | D:15     | Entered Level 15 of the Dungeon
 19470 | D:15     | Identified the +2 robe of Elyvilon's Esteem {rC+ rN+ rCorr
                  | Str-3}
 19518 | D:15     | Reached skill level 15 in Spellcasting
 19518 | D:15     | Reached skill level 15 in Conjurations
 19518 | D:15     | Reached skill level 15 in Hexes
 19518 | D:15     | Reached skill level 15 in Summonings
 19518 | D:15     | Reached skill level 15 in Necromancy
 19518 | D:15     | Reached skill level 15 in Translocations
 19518 | D:15     | Reached skill level 15 in Transmutations
 19518 | D:15     | Reached skill level 15 in Fire Magic
 19518 | D:15     | Reached skill level 15 in Ice Magic
 19518 | D:15     | Reached skill level 15 in Air Magic
 19518 | D:15     | Reached skill level 15 in Earth Magic
 19518 | D:15     | Reached skill level 15 in Poison Magic
 19520 | D:15     | Reached XP level 15. HP: 90/105 MP: 0/0
 19520 | D:15     | Learned a level 6 spell: Leda's Unmaking
 19566 | D:15     | Noticed a stone giant
 19580 | D:15     | Killed a stone giant
 19720 | D:15     | Found a staircase to the Depths.
 20411 | D:15     | Reached skill level 1 in Shields
 20932 | D:11     | Reached XP level 16. HP: 112/112 MP: 0/0
 20957 | Lair:1   | Entered Level 1 of the Lair of Beasts
 21008 | Lair:1   | Identified the +0 leather armour "Obrexinar" {rPois Will-
                  | rCorr Dex-4}
 21173 | Lair:1   | Found a dark tunnel.
 21185 | Volcano  | Entered a volcano
 22211 | Lair:2   | Found a staircase to the Snake Pit.
 23298 | Lair:3   | Identified the +0 chain mail of Privacy {Will+}
 23357 | Lair:3   | Reached XP level 17. HP: 116/116 MP: 0/0
 23357 | Lair:3   | Learned a level 6 spell: Summon Cactus Giant
 23364 | Lair:3   | Reached skill level 10 in Shields
 23423 | Lair:3   | *pokes the +0 chain mail of Privacy {Will+} in vain hope
                  | that the mysterious anonymous spectator stops SILENTLY
                  | STARING EEEEP >0<"">
                  | ERROR: string above had unterminated tag
 23423 | Lair:3   | *
 23502 | Lair:3   | Found a staircase to the Shoals.
 23648 | Lair:3   | You are sucked into a shaft and drop 2 floors!
 23648 | Lair:5   | Entered Level 5 of the Lair of Beasts
 23648 | Lair:5   | Found a staircase to the Slime Pits.
 23648 | Lair:5   | Found a viscous altar of Jiyva.
 23651 | Lair:5   | Noticed Sonja
 23660 | Lair:5   | Killed Sonja
 25072 | Lair:5   | Identified the ring of Itiheny {rPois rF+ Int+6}
 25510 | Lair:5   | Identified the +2 robe "Immuosit" {Int+5}
 25769 | Lair:5   | Identified the +3 leather armour of the Bedazzling Gods
                  | {rF+}
 25990 | Snake:1  | Entered Level 1 of the Snake Pit
 26041 | Snake:1  | Reached XP level 18. HP: 69/122 MP: 0/0
 27015 | Snake:2  | Identified the +9 war axe of Wariness {pain, rF+}
 27139 | Snake:2  | Found Poennaze's Self-Improvement Boutique.
 27155 | Snake:2  | Bought a manual of Fighting for 880 gold pieces
 27170 | Snake:2  | Reached skill level 10 in Fighting
 27205 | Snake:2  | Noticed Vashnia
 27238 | Snake:2  | Killed Vashnia
 27373 | Snake:2  | Identified the +1 flail of Dogaoxep {spect, Str+4}
 28094 | Snake:3  | Noticed Jorgrun
 28110 | Snake:3  | Killed Jorgrun
 28244 | Snake:3  | Reached XP level 19. HP: 98/141 MP: 0/0
 28244 | Snake:3  | Learned a level 6 spell: Eringya's Noxious Bog
 28276 | Snake:3  | Reached skill level 15 in Fighting
 29026 | Snake:4  | Entered Level 4 of the Snake Pit
 29314 | Snake:4  | Reached skill level 10 in Invocations
 29467 | Snake:4  | Noticed Roxanne
 29803 | Snake:4  | Got a serpentine rune of Zot
 30058 | Snake:4  | Reached XP level 20. HP: 151/151 MP: 0/0
 30166 | Snake:4  | Killed Roxanne
 30434 | Shoals:1 | Entered Level 1 of the Shoals
 30988 | Shoals:1 | Found Poets's Antique Weapon Boutique.
 31189 | Shoals:1 | Upgraded the game from 0.31-a0-358-gac0dbeb3ab to
                  | 0.31-a0-361-g0f8bd3a31e
 31198 | Shoals:2 | You are sucked into a shaft and drop 1 floor!
 31876 | Shoals:2 | Noticed Ilsuiw
 31896 | Shoals:2 | Killed Ilsuiw
 31975 | Shoals:2 | Noticed Nikola
 31978 | Shoals:2 | Found Kunleul's Specific Store.
 31978 | Shoals:2 | Found Xiloq's General Store.
 31987 | Shoals:2 | Killed Nikola
 32051 | Shoals:2 | Bought a lightning rod (4/4) for 360 gold pieces
 32051 | Shoals:2 | Bought a scroll of immolation for 48 gold pieces
 32051 | Shoals:2 | Bought a scroll of poison for 48 gold pieces
 32055 | Shoals:2 | Bought a scroll of poison for 60 gold pieces
 32114 | Shoals:2 | Noticed Polyphemus
 32125 | Shoals:2 | Killed Polyphemus
 32179 | Shoals:2 | Found a runed translucent door.
 32180 | Shoals:2 | Found a shimmering altar of Xom.
 32180 | Shoals:2 | Noticed Beaer's ghost (journeyman DrFi)
 32677 | Shoals:3 | Identified the ring "Hedderas" {rPois rN+ Int-5 Dex+3
                  | Stlth+}
 32730 | Shoals:3 | Identified the +3 pair of gloves of Words of Power {rN+
                  | rCorr Int+3 Dex+3}
 32907 | Shoals:3 | Identified the +2 robe of the Morning {Will+ Str+3}
 33375 | Shoals:4 | Entered Level 4 of the Shoals
 33462 | Shoals:4 | Found Yzefosk's Assorted Antiques.
 33470 | Shoals:4 | Bought a condenser vane for 1080 gold pieces
 33486 | Shoals:4 | Reached XP level 21. HP: 107/157 MP: 0/0
 33486 | Shoals:4 | Learned a level 8 spell: Discord
 33522 | Shoals:4 | Got a barnacled rune of Zot
 33577 | Shoals:4 | Found Noviuka's Armour Boutique.
 33690 | Shoals:4 | Identified the +0 leather armour of Springtime {Harm}
 33741 | Shoals:4 | Found Pan Qoti's Antique Armour Emporium.
 33749 | Shoals:4 | Bought a steaming leather armour for 252 gold pieces
 33749 | Shoals:4 | Identified the +0 leather armour "Waotijafa" {Rampage
                  | *Corrode rElec SInv} (You bought it in a shop on level 4 of
                  | the Shoals)
 33753 | Shoals:4 | Bought a turquoise-encrusted scale mail for 324 gold pieces
 33753 | Shoals:4 | Identified the +4 scale mail "Vismiplishre" {Rampage rC-
                  | rN++ Int+2} (You bought it in a shop on level 4 of the
                  | Shoals)
 34037 | Shoals:4 | Found Giwuffuo's Weapon Shop.
 34162 | Shoals:4 | Identified the +0 ring mail "Boam" {+Blink rF++ Dex+3}
 34924 | Vaults:1 | Entered Level 1 of the Vaults
 37534 | Vaults:2 | Reached XP level 22. HP: 158/163 MP: 0/0
 38184 | Vaults:3 | Found Tatyhius's Antique Weapon Shop.
 38184 | Vaults:3 | Found Nunlimn's Weapon Emporium.
 38292 | Vaults:3 | Found a magical portal.
 38303 | WizLab   | Entered Cigotuvi's Fleshworks
 38452 | WizLab   | Got Cigotuvi's Volume of Death
 38598 | WizLab   | Reached skill level 15 in Invocations
 38691 | WizLab   | Paralysed by a floating eye for 4 turns
 38697 | WizLab   | Paralysed by a floating eye for 2 turns
 38720 | WizLab   | Paralysed by a floating eye for 4 turns
 38747 | WizLab   | Identified the amulet "Wido" {Reflect rPois Will++ Str-2
                  | SH+5}
 39228 | Vaults:3 | Identified the amulet "Aquir" {Acrobat Harm Will- Dex+3}
 39301 | Vaults:3 | Noticed a bone dragon
 39322 | Vaults:3 | Killed a bone dragon
 39357 | Vaults:3 | Found a staircase to the Crypt.
 39705 | Vaults:3 | Noticed Mennas
 40016 | Vaults:4 | Reached XP level 23. HP: 135/168 MP: 0/0
 40016 | Vaults:4 | Learned a level 8 spell: Maxwell's Capacitive Coupling
 40179 | Vaults:4 | Found a crumbling gateway.
 40209 | Desolati | Entered the Desolation of Salt
 40341 | Desolati | Found the +5 Lochaber axe {reach-cleave, Poleaxe Drain}
 40346 | Desolati | Identified the ring of Vehumet's Outrage {Fly rElec Int+4
                  | Dex+3}
 40444 | Desolati | Identified the amulet "Enleruts" {RegenMP rC+ Int+3 SInv}
 40906 | Desolati | Identified the +1 leather armour of the Blacksmith {rF+}
 41068 | Desolati | Identified the ring of Foxtasua {rF++ rC- rN+ Dex+6 SInv}
 41078 | Desolati | Identified the ring "Sowoff" {rCorr Str+5 Dex-2}
 42511 | Vaults:4 | Reached XP level 24. HP: 164/175 MP: 0/0
 42915 | Elf:1    | Entered Level 1 of the Elven Halls
 43910 | Elf:2    | Found a runed translucent gate.
 43911 | Elf:2    | Found a runed translucent gate.
 43917 | Elf:2    | Found a runed translucent gate.
 43983 | Elf:2    | Found Tuemp's Book Boutique.
 43988 | Elf:2    | Found Upnaefai's Magic Scroll Shop.
 44111 | Elf:2    | Found Cafiuqyu's General Store.
 44119 | Elf:2    | Bought the +8 lance "Wyrmbane" {slay drac, rPois rF+ rC+
                  | AC+3} for 1050 gold pieces
 44119 | Elf:2    | Found the +8 lance "Wyrmbane" {slay drac, rPois rF+ rC+
                  | AC+3}
 44155 | Elf:2    | Noticed Agnes
 44161 | Elf:2    | Killed Agnes
 45005 | Elf:3    | Entered Level 3 of the Elven Halls
 45337 | Elf:3    | Noticed Mara
 45362 | Elf:3    | Noticed Kiciri's illusion
 45363 | Elf:3    | Killed Mara
 46021 | Elf:3    | Identified the ring "Xigacih" {Fly EV+5}
 46033 | Elf:3    | Identified the +7 war axe "Iveqizokh" {freeze, Will- Str+7}
 46094 | Elf:3    | Identified the +6 great mace "Jonkuwu" {venom, rElec Int-4
                  | Dex+7 Stlth+}
 46168 | Elf:3    | Found the +0 pair of fencer's gloves {Riposte Dex+3}
 46204 | Elf:3    | Identified the +2 glaive of Miqei {heavy, *Corrode rN++
                  | Dex+4}
 46207 | Elf:3    | Identified the ring of Nesaph {rC+ Str+3}
 46227 | Elf:3    | Found the +3 hat of Pondering {ponderous, Will+ MP+10
                  | Int+5}
 47339 | Depths:1 | Entered Level 1 of the Depths
 47351 | Depths:1 | Found a one-way gateway to a ziggurat.
 47358 | Depths:1 | Reached skill level 1 in Polearms
 47431 | Depths:1 | Reached XP level 25. HP: 115/180 MP: 0/0
 47431 | Depths:1 | Learned a level 9 spell: Fire Storm
 47972 | Depths:1 | Reached skill level 5 in Polearms
 47991 | Depths:1 | Found a one-way gate leading to the halls of Pandemonium.
 48091 | Depths:1 | Found a one-way gate to the infinite horrors of the Abyss.
 48140 | Depths:1 | Found a gateway to Hell.
 48307 | Depths:1 | Identified the +5 hand axe "Sidaas" {drain, Int+3 SInv}
 48374 | Depths:2 | Noticed Sojobo
 48390 | Depths:2 | Killed Sojobo
 48429 | Depths:2 | Noticed a caustic shrike
 48479 | Depths:1 | Killed a caustic shrike
 48558 | Depths:2 | Found a broken altar of Ashenzari.
 48653 | Depths:2 | Noticed a caustic shrike
 48653 | Depths:2 | Noticed a caustic shrike
 48658 | Depths:2 | Killed a caustic shrike
 48669 | Depths:2 | Killed a caustic shrike
 48884 | Depths:2 | Found Seruoschi's Antique Armour Shoppe.
 48890 | Depths:2 | Bought an ancient scale mail for 450 gold pieces
 48890 | Depths:2 | Identified the +3 scale mail "Xuogh" {Drain rN+ rCorr
                  | Str+3} (You bought it in a shop on level 2 of the Depths)
 49745 | Depths:3 | Found the ring of the Mage {Wiz Archmagi}
 50109 | Depths:3 | Reached skill level 10 in Polearms
 50211 | Depths:3 | Found Kohuikk's Assorted Antiques.
 50818 | Depths:4 | Entered Level 4 of the Depths
 50860 | Depths:4 | Identified the +10 glaive of Diet Blood {freeze, Str+4
                  | Dex+4}
 50947 | Depths:4 | Reached XP level 26. HP: 108/186 MP: 0/0
 51286 | Depths:4 | Found a gate to the Realm of Zot.
 51813 | Shoals:4 | Bought a spiked tower shield for 342 gold pieces
 51813 | Shoals:4 | Identified the +3 tower shield of the Villain {rElec Int+3}
                  | (You bought it in a shop on level 4 of the Shoals)
 52282 | Vaults:3 | Killed Mennas
 52350 | Vaults:3 | Identified the +6 plate armour of Patterns {Int+4}
 52567 | Vaults:5 | Entered Level 5 of the Vaults
 52913 | Vaults:5 | Got a silver rune of Zot
 53241 | Vaults:5 | Found Birim's Distillery.
 53248 | Vaults:5 | Bought 2 potions of heal wounds for 220 gold pieces
 53248 | Vaults:5 | Bought a potion of brilliance for 88 gold pieces
 53248 | Vaults:5 | Bought a potion of brilliance for 88 gold pieces
 53256 | Vaults:5 | Found Gaan's Distillery.
 53270 | Vaults:5 | Bought a potion of heal wounds for 80 gold pieces
 53270 | Vaults:5 | Bought a potion of haste for 160 gold pieces
 53270 | Vaults:5 | Bought a potion of brilliance for 64 gold pieces
 53270 | Vaults:5 | Bought a potion of cancellation for 128 gold pieces
 53332 | Vaults:5 | Noticed a dread lich
 53339 | Vaults:5 | Killed a dread lich
 53355 | Vaults:5 | Identified the +1 robe of the Game Afoot {Dex+3}
 53391 | Vaults:5 | Noticed an ancient lich
 53393 | Vaults:5 | Killed an ancient lich
 53544 | Vaults:5 | Reached XP level 27. HP: 193/193 MP: 0/0
 53544 | Vaults:5 | Learned a level 9 spell: Shatter
 53566 | Vaults:5 | Reached skill level 27 in Earth Magic
 53586 | Vaults:5 | Identified the staff "Uruept" {rPois Will+ Poison}
 53590 | Vaults:5 | Identified the staff of Voracious Action {rElec rF+ Int+3
                  | Air}
 54143 | D:15     | Identified a scroll of acquirement
 54143 | D:15     | Acquired a manual of Dodging
 54300 | Crypt:1  | Entered Level 1 of the Crypt
 55989 | Crypt:3  | Entered Level 3 of the Crypt
 56126 | Crypt:3  | Identified the ring "Buqeizuf" {Ice Drain rN+ Str+2 Dex+3}
 56126 | Crypt:3  | Noticed Josephina
 56127 | Crypt:3  | Killed Josephina
 56136 | Crypt:3  | Reached skill level 27 in Spellcasting
 56136 | Crypt:3  | Reached skill level 27 in Conjurations
 56136 | Crypt:3  | Reached skill level 27 in Hexes
 56136 | Crypt:3  | Reached skill level 27 in Summonings
 56136 | Crypt:3  | Reached skill level 27 in Necromancy
 56136 | Crypt:3  | Reached skill level 27 in Translocations
 56136 | Crypt:3  | Reached skill level 27 in Transmutations
 56136 | Crypt:3  | Reached skill level 27 in Fire Magic
 56136 | Crypt:3  | Reached skill level 27 in Ice Magic
 56136 | Crypt:3  | Reached skill level 27 in Air Magic
 56136 | Crypt:3  | Reached skill level 27 in Poison Magic
 56141 | Crypt:3  | Reached skill level 1 in Shapeshifting
 56154 | Crypt:3  | Noticed Boris
 56157 | Crypt:3  | Killed Boris
 56207 | Crypt:3  | Identified the +9 spear of Pandemonium {elec, Str+3 Int+3
                  | Dex-2} (You took it off a skeletal warrior on level 3 of
                  | the Crypt)
 56207 | Crypt:3  | Identified the +1 scale mail of Feasting {rPois rC- Regen+}
                  | (You took it off a skeletal warrior on level 3 of the
                  | Crypt)
 56302 | Crypt:3  | Found a basalt altar of Yredelemnul.
 56510 | Crypt:3  | Reached skill level 5 in Shapeshifting
 56801 | Crypt:3  | Found a staircase to the Tomb.
 58083 | Slime:1  | Entered Level 1 of the Pits of Slime
 59792 | Slime:3  | Reached skill level 10 in Shapeshifting
 59851 | Slime:5  | Entered Level 5 of the Pits of Slime
 59905 | Slime:5  | Noticed Dissolution
 59910 | Slime:5  | Killed Dissolution
 59919 | Slime:5  | Noticed the Royal Jelly
 59922 | Slime:5  | Killed the Royal Jelly
 59944 | Slime:5  | Gained mutation: You are weak. (Str -2) [a shining eye]
 60049 | Slime:5  | Identified the +11 halberd of the Reaper {protect, rElec
                  | rN+ Str+2 Int-3}
 60091 | Slime:5  | Got a slimy rune of Zot
 60092 | Slime:5  | Identified the staff of the Boar {rN+ Necro Tloc}
 61253 | Zot:1    | Entered Level 1 of the Realm of Zot
 61279 | Zot:1    | Noticed an orb of fire
 61279 | Zot:1    | Gained mutation: You have hidden genetic defects. [an orb
                  | of fire]
 61289 | Zot:1    | Killed an orb of fire
 61470 | D:15     | Lost mutation: You are weak. (Str -2) [potion of mutation]
 61470 | D:15     | Lost mutation: You have hidden genetic defects. [potion of
                  | mutation]
 61470 | D:15     | Gained mutation: You are weak. (Str -2) [potion of
                  | mutation]
 61470 | D:15     | Gained mutation: Armour fits poorly on your strangely
                  | shaped body. [potion of mutation]
 61470 | D:15     | Gained mutation: You are covered in fur. (AC +1) [potion of
                  | mutation]
 61471 | D:15     | Lost mutation: Armour fits poorly on your strangely shaped
                  | body. [potion of mutation]
 61471 | D:15     | Lost mutation: You are weak. (Str -2) [potion of mutation]
 61471 | D:15     | Lost mutation: You are covered in fur. (AC +1) [potion of
                  | mutation]
 61471 | D:15     | Gained mutation: You are clumsy. (Dex -2) [potion of
                  | mutation]
 61471 | D:15     | Gained mutation: You are very clumsy. (Dex -4) [potion of
                  | mutation]
 61471 | D:15     | Gained mutation: You are partially covered in iridescent
                  | scales. (AC +2) [potion of mutation]
 61739 | Zot:1    | Found a runed translucent gate.
 61746 | Zot:1    | Found a runed translucent gate.
 61747 | Zot:1    | Noticed a Killer Klown
 61747 | Zot:1    | Found a runed translucent gate.
 61752 | Zot:1    | Noticed Lioda's ghost (legendary MiBe)
 61770 | Zot:1    | Killed a Killer Klown
 61887 | Depths:4 | Killed Lioda's ghost
 62524 | Zot:2    | Noticed a Killer Klown
 62526 | Zot:2    | Killed a Killer Klown
 62574 | Zot:2    | Reached skill level 15 in Shapeshifting
 63158 | Zot:3    | Noticed an orb of fire
 63162 | Zot:3    | Killed an orb of fire
 63272 | Zot:3    | Noticed an orb of fire
 63289 | Zot:3    | Killed an orb of fire
 64063 | Zot:4    | Noticed an orb of fire
 64541 | Zot:4    | Killed an orb of fire
 65049 | Zot:5    | Entered Level 5 of the Realm of Zot
 65135 | Zot:5    | Identified the +0 helmet of Living Life {Int+4 Slay+3}
 65487 | Zot:5    | Noticed a dread lich
 65489 | Zot:5    | Noticed an orb of fire
 65491 | Zot:5    | Killed a dread lich
 65491 | Zot:5    | Noticed a Killer Klown
 65496 | Zot:5    | Killed an orb of fire
 65512 | Zot:5    | Killed a Killer Klown
 65549 | Zot:5    | Noticed an orb of fire
 65552 | Zot:5    | Noticed an orb of fire
 65555 | Zot:5    | Killed an orb of fire
 65634 | Zot:5    | Noticed an ancient lich
 65637 | Zot:5    | Killed an ancient lich
 65637 | Zot:5    | Noticed an orb of fire
 65647 | Zot:5    | Killed an orb of fire
 65649 | Zot:5    | Noticed an orb of fire
 65653 | Zot:5    | Killed an orb of fire
 65653 | Zot:5    | Noticed an orb of fire
 65655 | Zot:5    | Noticed an orb of fire
 65657 | Zot:5    | Killed an orb of fire
 65657 | Zot:5    | Noticed a Killer Klown
 65659 | Zot:5    | Noticed an ancient lich
 65659 | Zot:5    | Noticed a Killer Klown
 65659 | Zot:5    | Noticed a Killer Klown
 65660 | Zot:5    | Gained mutation: You are dopey. (Int -2) [an orb of fire]
 65664 | Zot:5    | Killed a Killer Klown
 65827 | Zot:5    | Killed an orb of fire
 65842 | Zot:5    | Killed a Killer Klown
 65843 | Zot:5    | Killed a Killer Klown
 65851 | Zot:5    | Killed an ancient lich
 65855 | Zot:5    | Killed an orb of fire
 66074 | Zot:5    | Noticed an ancient lich
 66076 | Zot:5    | Killed an ancient lich
 66242 | Zot:5    | Identified the +0 cloak of Joik {rPois}
 66993 | Hell     | Entered the Vestibule of Hell
 66993 | Hell     | Noticed Geryon
 67007 | Hell     | Killed Geryon
 67025 | Hell     | Reached skill level 10 in Dodging
 67105 | Hell     | Found a gateway to the Iron City of Dis.
 67190 | Hell     | Found a gateway to the freezing wastes of Cocytus.
 67268 | Hell     | Found a gateway to the decaying netherworld of Tartarus.
 67363 | Hell     | Found a gateway to the ashen valley of Gehenna.
 67570 | Depths:1 | Lost mutation: You are dopey. (Int -2) [potion of mutation]
 67570 | Depths:1 | Lost mutation: You are partially covered in iridescent
                  | scales. (AC +2) [potion of mutation]
 67570 | Depths:1 | Lost mutation: You are very clumsy. (Dex -4) [potion of
                  | mutation]
 67570 | Depths:1 | Gained mutation: You have a pair of small horns on your
                  | head. [potion of mutation]
 67570 | Depths:1 | Gained mutation: You occasionally lose the ability to read
                  | scrolls when taking damage. [potion of mutation]
 67570 | Depths:1 | Gained mutation: You expend health (3 HP) to strengthen
                  | your wands. [potion of mutation]
 67571 | Depths:1 | Lost mutation: You expend health (3 HP) to strengthen your
                  | wands. [potion of mutation]
 67571 | Depths:1 | Lost mutation: You occasionally lose the ability to read
                  | scrolls when taking damage. [potion of mutation]
 67571 | Depths:1 | Lost mutation: You have a pair of small horns on your head.
                  | [potion of mutation]
 67571 | Depths:1 | Gained mutation: You have a somewhat thin skeletal
                  | structure. (Dex +2, Stealth+) [potion of mutation]
 67571 | Depths:1 | Gained mutation: You have supernaturally acute eyesight.
                  | (SInv) [potion of mutation]
 67571 | Depths:1 | Gained mutation: Your body sometimes deteriorates upon
                  | taking damage. [potion of mutation]
 67572 | Depths:1 | Lost mutation: You are clumsy. (Dex -2) [potion of
                  | mutation]
 67572 | Depths:1 | Lost mutation: Your body sometimes deteriorates upon taking
                  | damage. [potion of mutation]
 67572 | Depths:1 | Lost mutation: You have supernaturally acute eyesight.
                  | (SInv) [potion of mutation]
 67572 | Depths:1 | Gained mutation: Your muscles are strong. (Str +4, Int/Dex
                  | -1) [potion of mutation]
 67572 | Depths:1 | Gained mutation: You are frail. (-10% HP) [potion of
                  | mutation]
 67573 | Depths:1 | Lost mutation: You have a somewhat thin skeletal structure.
                  | (Dex +2, Stealth+) [potion of mutation]
 67573 | Depths:1 | Lost mutation: You are frail. (-10% HP) [potion of
                  | mutation]
 67573 | Depths:1 | Lost mutation: Your muscles are strong. (Str +4, Int/Dex
                  | -1) [potion of mutation]
 67573 | Depths:1 | Gained mutation: You possess an exceptional clarity of
                  | mind. [potion of mutation]
 67573 | Depths:1 | Gained mutation: Your movements are slightly less
                  | encumbered by armour. (ER -2) [potion of mutation]
 67588 | Zig:1    | Entered Level 1 of a ziggurat
 67606 | Zig:2    | Entered Level 2 of a ziggurat
 67621 | Zig:3    | Entered Level 3 of a ziggurat
 67634 | Zig:3    | Identified the ring "Sigin" {rF- rC+ Str+3 Dex+6 Stlth+}
 67646 | Zig:4    | Entered Level 4 of a ziggurat
 67761 | Zig:4    | Identified the +2 plate armour "Teajeew" {rElec Regen+
                  | Dex+2}
 67762 | Zig:4    | Identified the +7 hand axe "Numnesof" {drain, rPois Dex+4}
 67771 | Zig:5    | Entered Level 5 of a ziggurat
 67789 | Zig:5    | Identified the staff of Egomania {rF+ rC+ Dex-5 SInv Fire
                  | Ice}
 67796 | Zig:5    | Identified the +2 pair of gloves of Kemonet {Rampage Str+3}
 67804 | Zig:6    | Entered Level 6 of a ziggurat
 67834 | Zig:7    | Entered Level 7 of a ziggurat
 67862 | Zig:7    | Identified the amulet of Impatience {rN+ Regen+ Dex+4}
 67866 | Zig:8    | Entered Level 8 of a ziggurat
 67893 | Zig:8    | Identified the +7 plate armour "Asis" {rN+ rCorr Str+4}
 67896 | Zig:8    | Identified the amulet "Areu" {rC- Will++ Regen+ MP+9
                  | Stlth+}
 67907 | Zig:9    | Entered Level 9 of a ziggurat
 67915 | Zig:9    | Noticed a shard shrike
 67915 | Zig:9    | Noticed a shard shrike
 67918 | Zig:9    | Killed a shard shrike
 67919 | Zig:9    | Killed a shard shrike
 67938 | Zig:9    | Identified the +4 dagger of Perfectionism {vamp, Dex+5}
 67964 | Zig:10   | Entered Level 10 of a ziggurat
 67973 | Zig:10   | Noticed an ancient lich
 67974 | Zig:10   | Found the +2 Maxwell's thermic engine {flame, freeze, rev}
 67976 | Zig:10   | Killed an ancient lich
 67993 | Zig:10   | Identified the staff "Idwapn" {Str+4 Earth}
 68005 | Zig:10   | Identified the staff of Defence by Offence {rPois Dex+3
                  | Poison}
 68007 | Zig:10   | Identified the +2 robe "Doisibbo" {+Inv}
 68011 | Zig:11   | Entered Level 11 of a ziggurat
 68019 | Zig:11   | Found the +18 shield of the Gong {Loud rN+ Will+ rCorr
                  | EV-5}
 68020 | Zig:11   | Noticed an ancient lich
 68024 | Zig:11   | Killed an ancient lich
 68067 | Zig:11   | Identified the +3 ring mail of Hepliaklqana {+Inv rCorr
                  | Stlth+}
 68102 | Zig:12   | Entered Level 12 of a ziggurat
 68109 | Zig:12   | Noticed Mehiakhlocry the pandemonium lord
 68112 | Zig:12   | Noticed a Killer Klown
 68112 | Zig:12   | Noticed Soreda the pandemonium lord
 68115 | Zig:12   | Killed Mehiakhlocry the pandemonium lord
 68116 | Zig:12   | Killed a Killer Klown
 68117 | Zig:12   | Killed Soreda the pandemonium lord
 68130 | Zig:12   | Identified the +1 great sword of Truth {vamp, Fragile
                  | +Blink rPois rCorr}
 68143 | Zig:13   | Entered Level 13 of a ziggurat
 68148 | Zig:13   | Noticed a dread lich
 68149 | Zig:13   | Noticed an ancient lich
 68150 | Zig:13   | Killed a dread lich
 68150 | Zig:13   | Noticed an ancient lich
 68151 | Zig:13   | Reached skill level 15 in Shields
 68151 | Zig:13   | Killed an ancient lich
 68151 | Zig:13   | Killed an ancient lich
 68205 | Zig:14   | Entered Level 14 of a ziggurat
 68252 | Zig:14   | Identified the ring "Esietaf" {AC+4 Slay+2}
 68279 | Zig:15   | Entered Level 15 of a ziggurat
 68284 | Zig:15   | Noticed a juggernaut
 68291 | Zig:15   | Killed a juggernaut
 68291 | Zig:15   | Noticed a juggernaut
 68296 | Zig:15   | Killed a juggernaut
 68299 | Zig:15   | Found the +1 cloak of Starlight {*Dazzle EV+4 Stlth--}
 68328 | Zig:15   | Identified the staff "Zenteheh" {rC+ Earth}
 68352 | Zig:16   | Entered Level 16 of a ziggurat
 68375 | Zig:16   | Found the +10 tower shield of Ignorance {rN+ Int-4}
 68385 | Zig:16   | Identified the +2 leather armour "Uliuvet" {rPois rC+
                  | Will-}
 68398 | Zig:16   | Identified the +9 hand axe of Descent {chaos, Int+6 SInv
                  | Stlth-}
 68421 | Zig:17   | Entered Level 17 of a ziggurat
 68442 | Zig:17   | Found the +0 mask of the Dragon {Will+ Slay+3 SInv}
 68451 | Zig:17   | Identified the staff "Rifocojo" {rC+ rCorr Int+3 Stlth+
                  | Ice}
 68459 | Zig:17   | Identified the +7 arbalest of the Present {speed, rElec
                  | Stlth+}
 68466 | Zig:17   | Identified the ring "Uppiluh" {Fire rN+ Int+2 SInv}
 68481 | Zig:17   | Identified the +0 chain mail of Immorality {rF+}
 68538 | Zig:18   | Entered Level 18 of a ziggurat
 68585 | Zig:18   | Identified the +1 pair of gloves of Indemnity {rPois Str+4}
 68598 | Zig:18   | Identified the staff "Qeynaong" {rElec rF+ Str+2 Fire}
 68599 | Zig:18   | Identified the ring "Langog" {rPois rF+ Will++}
 68601 | Zig:18   | Identified the +6 falchion "Loiburri" {flame, Str+3 Int+3}
 68614 | Zig:18   | Identified the +7 spear "Qexokola" {drain, rN+++ rCorr MP+9
                  | Dex-3}
 68642 | Zig:19   | Entered Level 19 of a ziggurat
 68648 | Zig:19   | Noticed a juggernaut
 68648 | Zig:19   | Noticed a juggernaut
 68651 | Zig:19   | Killed a juggernaut
 68651 | Zig:19   | Killed a juggernaut
 68651 | Zig:19   | Noticed a juggernaut
 68655 | Zig:19   | Killed a juggernaut
 68663 | Zig:19   | Found the ring of the Octopus King
 68684 | Zig:19   | Identified the staff of Massacring {rElec Str+2 Earth}
 68694 | Zig:19   | Identified a ring of the Octopus King {Fly HP+2 AC+2 EV+2
                  | SH+2}
 68713 | Zig:19   | Identified the staff "Yclof" {rElec rPois Will+ Conj}
 68720 | Zig:19   | Identified the ring "Waqapnim" {Fly rElec rF- Will+ Str+5}
 68790 | Zig:20   | Entered Level 20 of a ziggurat
 68818 | Zig:20   | Found the +8 trident of the Octopus King {venom, rElec
                  | rPois}
 68819 | Zig:20   | Found the +7 sceptre of Torment {pain, torment}
 68828 | Zig:20   | Identified the amulet of Pim Homm {rC++ rN+ Will- Regen+
                  | Int+3}
 68845 | Zig:20   | Identified the +6 falchion of Dominance {antimagic, Dex+2}
 68854 | Zig:20   | Identified the +7 spear of Wousu {freeze, rC+}
 68944 | Zig:21   | Entered Level 21 of a ziggurat
 68959 | Zig:21   | Noticed a shard shrike
 68959 | Zig:21   | Noticed a shard shrike
 68960 | Zig:21   | Noticed a shard shrike
 68961 | Zig:21   | Paralysed by a wendigo for 1 turns
 68962 | Zig:21   | Killed a shard shrike
 68963 | Zig:21   | Killed a shard shrike
 68963 | Zig:21   | Killed a shard shrike
 68989 | Zig:21   | Found the +7 Spriggan's Knife {stab, EV+4 Stlth+}
 68994 | Zig:21   | Identified the ring "Hiucua" {+Blink AC+4 Str+9 Int-5
                  | Slay-6}
 69007 | Zig:21   | Identified the ring of the Kodama {Fire *Corrode Str+7
                  | Int+4}
 69013 | Zig:21   | Identified the ring of Qutrihom {rPois Will+ AC+4 Stlth+}
 69069 | Zig:22   | Entered Level 22 of a ziggurat
 69081 | Zig:22   | Noticed a juggernaut
 69083 | Zig:22   | Noticed a juggernaut
 69084 | Zig:22   | Noticed a juggernaut
 69084 | Zig:22   | Killed a juggernaut
 69086 | Zig:22   | Killed a juggernaut
 69087 | Zig:22   | Killed a juggernaut
 69131 | Zig:22   | Identified the staff "Woybade" {Fly Str+3 Earth}
 69136 | Zig:22   | Identified the ring of Zinannoa {Dex+6 SInv}
 69140 | Zig:22   | Identified the +6 chain mail of Miracles {Str+3}
 69141 | Zig:22   | Identified the +5 dagger "Kogoaner" {drain, rF- rN+ Will+
                  | Dex+3}
 69149 | Zig:22   | Identified the staff of the Enchanted Forest {rPois rF+ rC+
                  | Fire}
 69153 | Zig:22   | Identified the +4 dagger of Deformation {venom, Dex+2}
 69194 | Zig:23   | Entered Level 23 of a ziggurat
 69227 | Zig:23   | Found the +3 salamander hide armour {Flames, rFlCloud rF++
                  | rC--}
 69240 | Zig:23   | Identified the +2 chain mail "Ovuchanygg" {Dex+5}
 69246 | Zig:23   | Identified the +0 plate armour of Tobateh {rCorr Dex+3}
 69247 | Zig:23   | Identified the +3 war axe of Jugoesuu {heavy, rElec Will-
                  | Dex+3 Stlth+}
 69255 | Zig:23   | Identified the +3 dagger "Gakiezaj" {spect, rPois SInv}
 69310 | Zig:24   | Entered Level 24 of a ziggurat
 69328 | Zig:24   | Reached skill level 27 in Shapeshifting
 69351 | Zig:24   | Identified the staff of the Doomed Warrior {rN+ Dex+4
                  | Necro}
 69363 | Zig:24   | Identified the staff "Muypp" {rC+ rN+ Will+ Str-4 Necro}
 69394 | Zig:24   | Identified the orb "Obirorok" {light, Harm rPois rN+}
 69400 | Zig:24   | Identified the staff of Irritation {rElec rN+ Necro}
 69450 | Zig:25   | Entered Level 25 of a ziggurat
 69471 | Zig:25   | Reached skill level 10 in Armour
 69540 | Zig:25   | Identified the ring "Qoeneu" {+Blink rF+ Will+ Str-5 SInv}
 69634 | Zig:26   | Entered Level 26 of a ziggurat
 69644 | Zig:26   | Noticed a dread lich
 69645 | Zig:26   | Noticed an ancient lich
 69646 | Zig:26   | Killed a dread lich
 69647 | Zig:26   | Reached skill level 5 in Stealth
 69647 | Zig:26   | Killed an ancient lich
 69649 | Zig:26   | Noticed an ancient lich
 69650 | Zig:26   | Noticed a dread lich
 69650 | Zig:26   | Noticed a dread lich
 69653 | Zig:26   | Killed a dread lich
 69653 | Zig:26   | Killed a dread lich
 69653 | Zig:26   | Killed an ancient lich
 69654 | Zig:26   | Reached skill level 15 in Dodging
 69654 | Zig:26   | Noticed an ancient lich
 69654 | Zig:26   | Killed an ancient lich
 69654 | Zig:26   | Noticed a dread lich
 69655 | Zig:26   | Noticed an ancient lich
 69655 | Zig:26   | Noticed a dread lich
 69656 | Zig:26   | Killed a dread lich
 69656 | Zig:26   | Noticed an ancient lich
 69657 | Zig:26   | Killed a dread lich
 69657 | Zig:26   | Killed an ancient lich
 69658 | Zig:26   | Killed an ancient lich
 69658 | Zig:26   | Noticed a dread lich
 69660 | Zig:26   | Killed a dread lich
 69660 | Zig:26   | Noticed a dread lich
 69662 | Zig:26   | Killed a dread lich
 69673 | Zig:26   | Found the +6 Majin-Bo {spellvamp, MP+6 Int+6}
 69684 | Zig:26   | Found the +12 glaive of Prune {freeze, Prune}
 69688 | Zig:26   | Identified the +1 leather armour of Hedge Wizardry {Dex+5}
 69694 | Zig:26   | Identified the staff of Slimy Valour {rElec Will+ Air}
 69707 | Zig:26   | Identified the ring "Ylywy" {rN+ Will+++ Int-5 Slay+3}
 69712 | Zig:26   | Identified the +2 helmet of Fortification {Harm}
 69740 | Zig:26   | Identified the +2 quarterstaff of the Sage {spect, rPois
                  | rF++}
 69789 | Zig:27   | Entered Level 27 of a ziggurat
 69848 | Zig:27   | Found the ring of the Octopus King
 69872 | Zig:27   | Identified the +7 acid dragon scales of Xatz {Regen+ rCorr}
 69873 | Zig:27   | Identified the ring "Icuit" {rF+ rC+ Str+4}
 69891 | Zig:27   | Identified the +10 plate armour "Gofrarag" {MP+9 Str+2
                  | Dex+5 Stlth-}
 69907 | Zig:27   | Identified the ring "Ediguo" {+Blink AC+4}
 69915 | Zig:27   | Identified a ring of the Octopus King {rN+ HP+2 AC+2 EV+2
                  | SH+2}
 69921 | Zig:27   | Identified the +4 bardiche "Vebb" {drain, +Blink Str+2
                  | Int-3}
 69930 | Zig:27   | Identified the +5 quarterstaff of Magnificence {antimagic,
                  | Int+2}
 69934 | Zig:27   | Identified the staff "Weijiodu" {rF+ rC+ Int+2 Fire}
 70140 | Geh:1    | Entered Level 1 of Gehenna
 70392 | Geh:2    | Reached skill level 10 in Stealth
 70803 | Geh:7    | Entered Level 7 of Gehenna
 71407 | Geh:7    | Identified the +5 orcbow of Lust {drain, Drain Int+3 SInv
                  | Stlth+}
 71725 | Geh:7    | Found the +13 sceptre of Asmodeus
 71725 | Geh:7    | Noticed Asmodeus
 71740 | Geh:7    | Killed Asmodeus
 71776 | Geh:7    | Got an obsidian rune of Zot
 72272 | Coc:1    | Entered Level 1 of Cocytus
 72557 | Coc:4    | Noticed a shard shrike
 72560 | Coc:4    | Killed a shard shrike
 72562 | Coc:4    | Noticed a shard shrike
 72563 | Coc:4    | Killed a shard shrike
 72611 | Coc:6    | Noticed a shard shrike
 72611 | Coc:6    | Noticed a shard shrike
 72615 | Coc:6    | Killed a shard shrike
 72616 | Coc:6    | Noticed an ancient lich
 72617 | Coc:6    | Killed a shard shrike
 72618 | Coc:6    | Reached skill level 27 in Fighting
 72618 | Coc:6    | Killed an ancient lich
 72760 | Coc:7    | Entered Level 7 of Cocytus
 72778 | Coc:7    | Reached skill level 10 in Evocations
 72813 | Coc:7    | Noticed an ancient lich
 72815 | Coc:7    | Killed an ancient lich
 72989 | Coc:7    | Noticed a shard shrike
 72992 | Coc:7    | Killed a shard shrike
 73036 | Coc:7    | Noticed a shard shrike
 73037 | Coc:7    | Killed a shard shrike
 73062 | Coc:7    | Noticed a shard shrike
 73063 | Coc:7    | Killed a shard shrike
 73068 | Coc:7    | Kiciri: ((ACK))
 73068 | Coc:7    | Kiciri: ((IT IS 2 ANONYMOUS SPECTATORS NOW))
 73068 | Coc:7    | Kiciri: ((EEP >0<"""))>
                  | ERROR: string above had unterminated tag
 73070 | Coc:7    | Paralysed by a wendigo for 1 turns
 73073 | Coc:7    | Kiciri: ((...phew. ^^""))
 73073 | Coc:7    | Kiciri: ((...o-okay. Slightly better. Eep.~ ^_^""))
 73098 | Coc:7    | Noticed a shard shrike
 73099 | Coc:7    | Killed a shard shrike
 73100 | Coc:7    | Kiciri: ((...i hope is okay. >.>""))
 73105 | Coc:7    | Noticed a shard shrike
 73107 | Coc:7    | Killed a shard shrike
 73120 | Coc:7    | Noticed a shard shrike
 73124 | Coc:7    | Killed a shard shrike
 73413 | Coc:7    | Identified the ring "Haan" {rC+++ Will+ Int+5 Stlth-}
 73413 | Coc:7    | Noticed Antaeus
 73418 | Coc:7    | Killed Antaeus
 73419 | Coc:7    | ...nooOOO DA RING .o.
 73419 | Coc:7    | ...oh well.
 73433 | Coc:7    | Got an icy rune of Zot
 73465 | Coc:7    | Identified the +1 hand axe of the Shining Light {flame,
                  | *Corrode +Blink rF+}
 73652 | Dis:1    | Entered Level 1 of the Iron City of Dis
 73738 | Dis:1    | ...Ahh, Dis. A once terrifying place.
 73738 | Dis:1    | Filled with such scary, tough... non-flying... corporeal...
                  | melee enemies...
 73738 | Dis:1    | ...yum.~ 0w0
 73770 | Dis:2    | Reached skill level 15 in Evocations
 74033 | Dis:2    | (stashing tons of cool ex-dancing weapons) ...I'll be
                  | keepin' dat. :>
 74181 | Dis:4    | Reached skill level 15 in Stealth
 74463 | Dis:6    | Noticed an ancient lich
 74464 | Dis:6    | Noticed an ancient lich
 74466 | Dis:6    | Killed an ancient lich
 74466 | Dis:6    | Noticed an ancient lich
 74467 | Dis:6    | Killed an ancient lich
 74467 | Dis:6    | Noticed a dread lich
 74468 | Dis:6    | Killed a dread lich
 74468 | Dis:6    | Killed an ancient lich
 74468 | Dis:6    | Noticed a dread lich
 74470 | Dis:6    | Killed a dread lich
 74470 | Dis:6    | Noticed an ancient lich
 74473 | Dis:6    | Killed an ancient lich
 74492 | Dis:7    | Entered Level 7 of the Iron City of Dis
 74570 | Dis:7    | Found the +8 frozen axe "Frostbite" {freeze, freezing
                  | cloud, *Noise Fly rC+}
 74746 | Dis:7    | Identified the ring "Muifry" {rF+ rC+ Will+}
 75352 | Dis:7    | Identified the +3 quarterstaff "Hoalif" {drain, rN+ Dex+2}
 75413 | Dis:7    | Noticed Dispater
 75417 | Dis:7    | Killed Dispater
 75424 | Dis:7    | *yoink*
 75508 | Dis:7    | Got an iron rune of Zot
 76290 | Tar:1    | Entered Level 1 of Tartarus
 77092 | Tar:7    | Entered Level 7 of Tartarus
 77424 | Tar:7    | Noticed an ancient lich
 77426 | Tar:7    | Noticed an ancient lich
 77428 | Tar:7    | Killed an ancient lich
 77428 | Tar:7    | Killed an ancient lich
 77526 | Tar:7    | Noticed a dread lich
 77527 | Tar:7    | Noticed the Serpent of Hell
 77528 | Tar:7    | Killed a dread lich
 77534 | Tar:7    | Killed the Serpent of Hell
 77540 | Tar:7    | Noticed a dread lich
 77542 | Tar:7    | Killed a dread lich
 77617 | Tar:7    | Identified the +0 tower shield of the Unstoppable Souls
                  | {Regen+}
 77618 | Tar:7    | Identified the +11 falchion of Dats {speed, rPois Dex+2
                  | SInv}
 77657 | Tar:7    | Reached skill level 27 in Evocations
 77676 | Tar:7    | Noticed Ereshkigal
 77941 | Tar:7    | Got a bone rune of Zot
 77995 | Tar:7    | Killed Ereshkigal
 79124 | Tomb:1   | Entered Level 1 of the Tomb of the Ancients
 79135 | Tomb:1   | Noticed a royal mummy
 79138 | Tomb:1   | Killed a royal mummy
 79138 | Tomb:1   | Noticed a royal mummy
 79140 | Tomb:1   | Noticed a royal mummy
 79142 | Tomb:1   | Killed a royal mummy
 79144 | Tomb:1   | Killed a royal mummy
 79147 | Tomb:1   | Noticed a royal mummy
 79154 | Tomb:1   | Noticed a royal mummy
 79155 | Tomb:1   | Killed a royal mummy
 79158 | Tomb:1   | Killed a royal mummy
 79158 | Tomb:1   | Noticed a royal mummy
 79159 | Tomb:1   | Noticed a royal mummy
 79162 | Tomb:1   | Killed a royal mummy
 79164 | Tomb:1   | Killed a royal mummy
 79170 | Tomb:1   | Noticed a royal mummy
 79170 | Tomb:1   | Noticed a royal mummy
 79172 | Tomb:1   | Noticed Boris
 79173 | Tomb:1   | Killed a royal mummy
 79173 | Tomb:1   | Killed a royal mummy
 79174 | Tomb:1   | Killed Boris
 79174 | Tomb:1   | Noticed a royal mummy
 79178 | Tomb:1   | Killed a royal mummy
 79264 | Tomb:1   | Noticed a royal mummy
 79265 | Tomb:1   | Noticed a royal mummy
 79267 | Tomb:1   | Killed a royal mummy
 79270 | Tomb:1   | Killed a royal mummy
 79469 | Tomb:1   | Found the necklace of Bloodlust {Fury *Rage Will++ Int-3
                  | Slay+6}
 79486 | Tomb:1   | Identified the +2 mace of Hacking and Slashing {flame,
                  | rPois Will+}
 79747 | Tomb:1   | Noticed a royal mummy
 79747 | Tomb:1   | Noticed a royal mummy
 79749 | Tomb:1   | Killed a royal mummy
 79749 | Tomb:1   | Killed a royal mummy
 79752 | Tomb:1   | Killed a royal mummy
 79753 | Tomb:1   | Killed a royal mummy
 79782 | Tomb:1   | Noticed a royal mummy
 79784 | Tomb:1   | Killed a royal mummy
 80117 | Tomb:1   | Noticed a royal mummy
 80119 | Tomb:1   | Killed a royal mummy
 80308 | Tomb:2   | Noticed a royal mummy
 80309 | Tomb:2   | Killed a royal mummy
 80312 | Tomb:2   | Noticed a royal mummy
 80312 | Tomb:2   | Noticed a royal mummy
 80316 | Tomb:2   | Killed a royal mummy
 80317 | Tomb:2   | Killed a royal mummy
 80320 | Tomb:2   | Noticed a royal mummy
 80323 | Tomb:2   | Killed a royal mummy
 80326 | Tomb:2   | Noticed a royal mummy
 80329 | Tomb:2   | Killed a royal mummy
 80333 | Tomb:2   | Noticed a royal mummy
 80335 | Tomb:2   | Killed a royal mummy
 80337 | Tomb:2   | Noticed Khufu
 80339 | Tomb:2   | Noticed a royal mummy
 80341 | Tomb:2   | Killed Khufu
 80342 | Tomb:2   | Killed a royal mummy
 80750 | Tomb:2   | Pfoooh. Deep breaths.
 80756 | Tomb:3   | Entered Level 3 of the Tomb of the Ancients
 80774 | Tomb:3   | Noticed a royal mummy
 80776 | Tomb:3   | Noticed a royal mummy
 80777 | Tomb:3   | Killed a royal mummy
 80779 | Tomb:3   | Killed a royal mummy
 80788 | Tomb:3   | Noticed a royal mummy
 80790 | Tomb:3   | Killed a royal mummy
 80811 | Tomb:3   | Noticed a royal mummy
 80813 | Tomb:3   | Noticed a royal mummy
 80815 | Tomb:3   | Noticed a royal mummy
 80815 | Tomb:3   | Noticed a royal mummy
 80816 | Tomb:3   | Killed a royal mummy
 80816 | Tomb:3   | Killed a royal mummy
 80817 | Tomb:3   | Noticed a royal mummy
 80818 | Tomb:3   | Killed a royal mummy
 80819 | Tomb:3   | Killed a royal mummy
 80819 | Tomb:3   | Killed a royal mummy
 80819 | Tomb:3   | Noticed a royal mummy
 80821 | Tomb:3   | Killed a royal mummy
 80846 | Tomb:3   | Identified the amulet "Mereitog" {Acrobat rC+}
 80995 | Tomb:3   | Identified the amulet "Peubom" {Spirit Rampage}
 81003 | Tomb:3   | Identified the +3 chain mail of Geycluar {Harm Will- SInv}
 81011 | Tomb:3   | Identified the +0 long sword of Fate {heavy, rPois rF+ rN+}
 81034 | Tomb:3   | Identified the +2 quarterstaff "Noanas" {freeze, SInv}
 81067 | Tomb:3   | Identified the +6 whip of Spite {elec, Int+5}
 81135 | Tomb:3   | Got a golden rune of Zot
 81188 | Tomb:3   | Identified the +2 crystal plate armour "Emozxe" {rN++ Int-4
                  | Dex+8 Slay+2}
 81347 | Tomb:3   | ...a-and... that's it. Huh.
 81347 | Tomb:3   | Welp. Pandemonium it is! :3
 81696 | Pan      | Entered the realm of Mnoleg.
 81696 | Pan      | Entered Pandemonium
 81903 | Pan      | Identified the +1 scale mail of Noon {Will+ Str+5 Stlth-}
 81959 | Pan      | Noticed Mnoleg
 81969 | Pan      | Killed Mnoleg
 82320 | Pan      | Got a glowing rune of Zot
 82592 | Pan      | Entered the realm of Gloorx Vloq.
 82646 | Pan      | Found an exit through the horrors of the Abyss.
 82927 | Pan      | Noticed Gloorx Vloq
 82942 | Pan      | Killed Gloorx Vloq
 82950 | Pan      | Got a dark rune of Zot
 83759 | Pan      | Took an exit into the Abyss.
 83759 | Abyss:1  | Escaped into the Abyss
 83846 | Abyss:2  | Found a corrupted altar of Lugonu.
 83866 | Abyss:2  | Found a corrupted altar of Lugonu.
 83875 | Abyss:2  | Found a corrupted altar of Lugonu.
 83875 | Abyss:2  | Found a corrupted altar of Lugonu.
 84038 | Abyss:3  | Found a corrupted altar of Lugonu.
 84067 | Abyss:3  | Got an abyssal rune of Zot
 84131 | Depths:1 | Escaped the Abyss
 84176 | D:15     | *hums a cheerful melody*
 84219 | Pan      | Entered the realm of Cerebov.
 84219 | Pan      | Entered Pandemonium
 84364 | Pan      | Identified the +5 war axe of Tevaqisu {flame, rF+ Str+2
                  | Int+3}
 84417 | Pan      | Found the +6 sword of Cerebov {flame}
 84417 | Pan      | Noticed Cerebov
 84425 | Pan      | Killed Cerebov
 84505 | Pan      | Got a fiery rune of Zot
 84537 | Pan      | Identified the +3 ring mail "Cejef" {rC- Str+2 Dex+2}
 84540 | Pan      | Identified the +6 longbow of Defence by Offence {freeze,
                  | Dex+2}
 84555 | Pan      | Identified the +5 falchion of Uncertain Death {pain, rPois
                  | rF+ rC-}
 84601 | Pan      | Identified the +5 mace of Dynagog {speed, +Blink rPois rC+
                  | Dex+3}
 84601 | Pan      | Identified the ring of Vuaxetit {rN+ Str+4}
 84611 | Pan      | Identified the +8 great mace "Xyetuifewy" {flame, rElec
                  | Will++ Dex-4}
 84615 | Pan      | Identified the +1 plate armour "Casunix" {rF- rN++}
 84646 | Pan      | Identified the ring of Interdependent Arising {rPois Will+
                  | rCorr Str-4 Stlth+}
 84927 | Pan      | Found an exit through the horrors of the Abyss.
 85009 | Pan      | Found an exit through the horrors of the Abyss.
 85323 | Pan      | Identified the +0 buckler of Gozag's Condemnation {Fly
                  | Int+3}
 85412 | Pan      | Got a demonic rune of Zot
 85423 | Pan      | Identified the +9 spear of the Pyrrhic Victory {flame,
                  | rElec rN+ Int+7 Dex-2}
 85791 | Pan      | Noticed Duosis the pandemonium lord
 85796 | Pan      | Killed Duosis the pandemonium lord
 86143 | Pan      | Found an exit through the horrors of the Abyss.
 86694 | Pan      | Noticed Mozaall the pandemonium lord
 86703 | Pan      | Killed Mozaall the pandemonium lord
 86707 | Pan      | Reached skill level 27 in Stealth
 86726 | Pan      | Reached skill level 1 in Staves
 86890 | Pan      | Noticed Nyts the pandemonium lord
 86896 | Pan      | Killed Nyts the pandemonium lord
 86897 | Pan      | Reached skill level 5 in Staves
 86915 | Pan      | Found a runed translucent door.
 86917 | Pan      | Found a runed translucent door.
 87270 | Pan      | Noticed Hughac the pandemonium lord
 87278 | Pan      | Found a runed translucent door.
 87278 | Pan      | Found a runed translucent door.
 87286 | Pan      | Killed Hughac the pandemonium lord
 87316 | Pan      | Entered the realm of Lom Lobon.
 87333 | Pan      | Found an exit through the horrors of the Abyss.
 87570 | Pan      | Noticed Lom Lobon
 87577 | Pan      | Killed Lom Lobon
 87631 | Pan      | Got a magical rune of Zot
 88006 | Pan      | Took an exit into the Abyss.
 88006 | Abyss:4  | Escaped into the Abyss
 88022 | Abyss:4  | Found an ornate altar of the Wu Jian Council.
 88148 | Depths:1 | Escaped the Abyss
 88398 | Zot:5    | Got the Orb of Zot
 88907 | D:1      | ...ah. My old robe. ^_^'
 88910 | D:$      | Escaped with the Orb!

Illustrated notes ##..###...#....... ##..........#.### ###...####.#.## # ###....## ##### # #.#.#..# ###.##### #......####..#.#... #..#............... #.#........###.###. ##.@.##.....# ####.. ####......#.#.P# #.. ###.....#.######## ### #.....#.### ###.#P#.# ####### Turn 23423 on Lair:3: *pokes the +0 chain mail of Privacy {Will+} in vain hope that the mysterious anonymous spectator stops SILENTLY STARING EEEEP >0<""

~#####≈≈≈≈#####~≈≈≈≈....##..≈≈≈..
##:?###≈≈## ##~≈≈≈≈....##.≈≈≈..
#???'.#### #~≈≈≈≈≈...##.≈≈≈..
#).)#'## #~≈≈≈≈≈...##.≈≈≈..
#####..# ..#####~≈≈≈≈≈≈..#..≈≈≈..
'...'..# φ.'..§§§§≈≈≈≈≈≈.#.≈≈≈≈..
'...'.:# ..'...§§§≈≈≈≈≈≈.#.≈≈≈≈..
#####..# ##§§≈≈≈≈≈≈.#.≈≈≈≈..
#...#'## #z§≈≈≈≈≈..#..≈≈≈..
#...'.#### #≈§≈≈≈≈...##.≈≈≈..
##..###≈≈## ##≈≈≈≈≈≈...##.≈≈≈..
≈#####≈≈≈≈#####≈≈≈≈≈≈....##.≈≈≈..
≈≈≈≈≈≈≈≈≈≈≈≈≈≈≈≈≈≈≈≈....##..≈≈≈..
≈≈≈≈≈≈≈≈≈≈≈≈≈≈≈≈≈≈.....##...≈≈...
≈≈≈≈≈≈≈≈≈≈≈≈≈≈≈≈......##....≈≈...
.....≈≈≈≈≈≈..........##....≈≈...#
................⌠...##....≈≈...##


Turn 73419 on Coc:7: ...nooOOO DA RING .o. #....#..# ####.#......#. ##
...#........# # ##.##..........####.# ##.#.#.#............#
#.#.............8..... .......)....).......# ........)....).......
.##.....z........8...# .........)......8#..## ....................#
##...#...........8...# #.8#.#8.8.8)).8).....# #....†....)......8...#
...........)8.8...#... ......8......#...8...# ...8.....8).8.8......# Turn 73738
on Dis:1: ...Ahh, Dis. A once terrifying place. #..................#
###...).#..........# #......#.#...#.#...# ##.#...............#
#.................# ###.......###......# ##..................#
#...#.....)).......## ###.........z.....## #....#..).......## ##..#....)...).###
#.##.#...)......# #####...........## ##.......^.....## #.......#.......#
#......###......# #.....## ##...>.# Turn 74033 on Dis:2: (stashing tons of cool
ex-dancing weapons) ...I'll be keepin' dat. :> ....###..#........... ####'#
.....###'#..........#### ##... ....###..#.#..#..#.....# #....
.....##................. ##... ....###................. #....
.....##................. ##... ....###.#..#..#..#.....# #....
.....##.............#### ##... ...####'####....z....... #.... ...# #...
############# ##... ...# #.. ####################'# ...# #
#..................... ...# #.....................
...#########..................... ......)..........................
................................. ##############################)'' Turn 75424
on Dis:7: *yoink* #....^.....^....^. #.^.....#^........ #.......#....^....
#....##.##........ #....#...........^ #....#............ #....#............
#....#...........) #@...#...........[ ######............ #....#.....:......
#....#............ #...^'......#..... #....#..^..#...... #....#............
#....#............ ##..#.........^... Turn 80750 on Tomb:2: Pfoooh. Deep
breaths. .#.#..^..#.#.....#.#.........# .#'#.....#'#.....#'#.........#
.............................# .....###.....###.....###.....#
.....#.'.....'.#.....#?'.....# .....###.....###.....###....##
.........).........^........# .^.../.....................##
................@........### ########################## Turn 81347 on Tomb:3:
...a-and... that's it. Huh. ...'.#.# #....# #.# #...... ...#.#.# #..### #.#
#.##### ...#.#.###..# #.#######.# # ####.#......#### #.......#.# #
.....####....#.# #######.#.# # ###### #....#.#####..#.#.#.# #
#....#.....#....#.#.##### ##### ##.#.#.#.#..##.#.#.#.#.... ...<#
#.....#..z#.#......#...##. .#### #.###.#...[.#..#.########. .# #.#
#.#>..#(.....)........ .# #.# #.####.####....####### .### #.#
#.....#..⌠#.<....##### ...## #.# #####.....#.##........ ##..# #.#
#.#...#....#.##### ##.# #.# #..#.#.#.#.#...... #.# #.# #....(#....####### Turn
84176 on D:15: *hums a cheerful melody* .........#...#'###'#...~.....##
..[........###.~#~.#......##..### ###........# #.~~~.#............. #........#
#.~8~.#........##### ###........# #..~~.#.............
....#####'####♣~.~♣#............. ....####....##P♣.♣P#......#......
....##......###P..#########...... ###.##.#....##P#z#P# #......
#.##.#....###.♣.## #...... ###.##.#....# #♣#♣# ######...... ..#.....#...#
#.....###### ..####..#...# ###..........# ).####..####### #............#
.#............# #............# ........#.....# #............# ..............#
###..........# Turn 88907 on D:1: ...ah. My old robe. ^_^'

Levels and vault maps discovered:
D:1:      tarquinn_simple_flora_water_d, layout_basic, item_on_display_a
D:2:      layout_basic, uniq_sigmund
D:3:      layout_basic, gammafunk_ghost_necromancy,
          nicolae_elevator_lobby_asterisk
D:4:      layout_rooms, mainiacjoe_overflow_alcove_2
D:5:      wander_river, layout_basic
D:6:      minmay_octagon_keep, layout_basic, minitemple,
          minmay_temple_entry_fiery, kennysheep_opposing_triangles,
          uniq_duvessa, uniq_maggie
D:7:      layout_loops_ring, serial_rivers, chequers_serial_rivers_micro_d,
          chequers_serial_rivers_micro_c, chequers_serial_rivers_marsh,
          chequers_serial_rivers_micro_d
D:8:      minmay_the_grid_plus_closed [minmay_the_grid_pillar_ring,
          minmay_the_grid_aliased_spiral, minmay_the_grid_eight,
          minmay_the_grid_embedded, minmay_the_grid_prize_four_corners],
          layout_basic, nicolae_elevator_lobby_plus
D:9:      layout_big_octagon, nicolae_qazlal_general_emergency,
          lemuel_doored_altar, chequers_serial_rivers_micro_b,
          grunt_ministairs_1
D:10:     layout_basic, minmay_orc_keep
D:11:     cheibrodos_lost_city_excavation, layout_stronghold,
          hellmonk_lair_entry_icy, serial_column_ruins,
          column_ruins_square_medium, column_ruins_circle_medium,
          column_ruins_grid_1, column_ruins_grid_1, column_ruins_open_large
D:12:     layout_irregular_city, serial_undead, serial_undead_a,
          serial_undead_c, serial_undead_d, serial_undead_e, serial_undead_e,
          serial_undead_f
D:13:     layout_stronghold, uniq_lodul
D:14:     layout_basic, david_vaults_3, serial_glass, glass_columns_b,
          glass_columns_a, glass_columns_b, glass_columns_c, glass_columns_a,
          moated_statue
D:15:     hangedman_depths_entry_civil_slaughter, layout_basic,
          kiku_gazebo_pond_becter
Temple:   nicolae_temple_bog_church
Lair:1:   layout_hall_layers, lightli_volcano_entry_magma_tube, st_stairs_3,
          beast_lair_carwin_3
Lair:2:   beast_lair_carwin_large_4, layout_regular_city,
          guppyfry_snake_entry_garden, serial_bayou_shore_b
Lair:3:   beast_lair_carwin_large_1, layout_misc_corridors,
          elwin_shoals_entry_rocks
Lair:4:   layout_gridlike, minmay_hedge_maze, grunt_megastairs_1
Lair:5:   due_jungle_book, layout_concentric_octagons,
          minmay_slime_entry_pillars, special_room [special_room_mythical_zoo],
          infiniplex_staircase_pool_2, uniq_sonja
Shoals:1: nicolae_shoals_island_circles, layout_shoals, serial_shops,
          nicolae_shop_dealshenge
Shoals:2: layout_shoals, ebering_ghost_xom, nicolae_specific_store, uniq_nikola,
          uniq_polyphemus, uniq_ilsuiw
Shoals:3: layout_shoals
Shoals:4: shoals_end_grunt_ice, layout_shoals, serial_shops, shop,
          nicolae_shop_bloodbath_and_beyond, shop, nicolae_shop_dealshenge,
          nicolae_shoals_circle_sea_wall
Snake:1:  layout_basic
Snake:2:  layout_basic, nicolae_shop_self_help, serial_bayou_shore_a,
          uniq_vashnia
Snake:3:  nicolae_snakescales, layout_cave_town, statue_in_the_mist_lemuel,
          serial_bayou_lake_a, uniq_jorgrun
Snake:4:  grunt_snake_rune_pools, layout_cave_town, uniq_roxanne
Slime:1:  nicolae_slime_pool, layout_caves
Slime:2:  layout_caves, special_room [special_room_jelly],
          cheibrodos_slime_lost_civilization_6
Slime:3:  layout_caves
Slime:4:  layout_caves
Slime:5:  slime_pit_nicolae_trefoil, uniq_dissolution
Orc:1:    layout_diamond_mine, serial_shops, nicolae_shop_mannequins,
          sword_in_stone, uniq_snorg
Orc:2:    st_orc_rangers, layout_caves, serial_shops, nicolae_shop_behind_doors,
          rock_pile, uniq_maurice
Elf:1:    nicolae_elf_arrival_no_cutting_in_line, layout_loops_corners,
          minmay_elf_demonology
Elf:2:    elven_hall_of_blades_hangedman_original [nicolae_blade_bullseye],
          layout_onion_city, serial_shops, nicolae_shop_tiny_real_fake_doors,
          grunt_ministairs_3, minmay_shoptagon, uniq_agnes
Elf:3:    minmay_elf_hall_curves, layout_loops_cross, uniq_mara
Vaults:1: nicolae_vaults_circle_grid_a, st_eye, ontoclasm_vaults_claustrophobia,
          vaults_room_grid, nicolae_vaults_three_branches, vaults_room_fours,
          layout_vaults_quadrants
Vaults:2: v_misc_28, ontoclasm_vaults_shout, nicolae_vaults_swerve,
          nicolae_vaults_little_squares_1, v_misc_5,
          nicolae_vaults_tetromino_T_1, nicolae_vaults_storage_room_water,
          layout_vaults_chaotic_city
Vaults:3: mu_enter_wizlab_2, nicolae_vaults_variable_pillar_hall, v_misc_30,
          nicolae_vaults_network_quinsquares
          [nicolae_vaults_network_quincunx_subvault,
          nicolae_vaults_network_quincunx_subvault,
          nicolae_vaults_network_quincunx_subvault,
          nicolae_vaults_network_quincunx_subvault],
          nicolae_vaults_offset_grid_hallway_1, nicolae_vaults_double_plus_1,
          nicolae_vaults_antechamber_and_loot_room, nicolae_vaults_octothorpe,
          nicolae_vaults_little_squares_6, nicolae_vaults_house_2,
          layout_vaults_ring, minmay_crypt_entry_nasty_monster, serial_shops,
          shop, shop, uniq_mennas
Vaults:4: portal_desolation_entry_nicolae_slug, nicolae_vaults_double_plus_1,
          nicolae_vaults_big_ls, nicolae_vaults_closet_pinwheel_3,
          st_spiral_rooms, nicolae_vaults_ninety_degrees,
          ontoclasm_vaults_fault, nicolae_vaults_little_squares_4,
          vaults_mumra_hex, layout_vaults_omnicross
Vaults:5
Crypt:1:  layout_basic, grunt_crypt_arrival_webbed
Crypt:2:  layout_chaotic_city, basic_altar
Crypt:3:  evilmike_haunted_forest, uniq_boris, uniq_josephina
Tomb:1
Tomb:2:   uniq_khufu
Tomb:3
Depths:1: layout_gridlike, enter_ziggurat_c, grunt_pan_entry_spiral, hell_entry,
          grunt_decor_one_mirror, abyss_entry, hangedman_abyss_or_decor_slice,
          hangedman_decor_slide_cut, tgw_sif
Depths:2: minmay_diamond_stairs, layout_cave_shapes, pan_entry, hell_entry,
          serial_shops, shop, evilmike_ruin_ashenzari, kennysheep_small_circle,
          minmay_staircase_windowed_large, uniq_sojobo
Depths:3: minmay_crescents, layout_long_grid, grunt_hell_entry_dis_old,
          grunt_decor_cap, abyss_entry, serial_shops, shop, minmay_crystal_room,
          minmay_protected_statue
Depths:4: evilmike_zot_entry_argh, layout_cave_pools, hell_entry
Hell
Dis:1:    grunt_dis_stairs_iron_hall
Dis:2:    nicolae_dis_hell_of_blades
Dis:3:    layout_regular_city
Dis:4:    layout_gridville, nicolae_dis_scattering
Dis:5:    nicolae_hells_demon_pit, layout_overlapping_boxes
Dis:6:    layout_gridville, hangedman_dis_chains, nicolae_hells_leichenhalle
Dis:7:    iron_city_of_dis [dis_old, dis_wall_4], layout_gridville
Geh:1:    layout_gehenna_lava_caves, gehenna_fire_generator
Geh:2:    layout_gehenna_pools_basic
Geh:3:    layout_gehenna_pools_triple, nicolae_geh_niches_of_the_damned
Geh:4:    layout_gehenna_pools_basic
Geh:5:    layout_gehenna_pools_triple
Geh:6:    layout_gehenna_pools_box, nicolae_geh_lavax
Geh:7:    geh_hangedman
Coc:1:    layout_ice_bergs
Coc:2:    layout_ice_bergs
Coc:3:    layout_cocytus_delve
Coc:4:    layout_ice_bergs
Coc:5:    layout_cocytus_water_paths
Coc:6:    layout_cocytus_delve
Coc:7:    coc_old
Tar:1:    layout_grid_maze
Tar:2:    layout_honeycomb
Tar:3:    layout_cathedral_of_symmetry, nicolae_tar_cuneiform_sun,
          lemuel_nasty_fountain
Tar:4:    hangedman_restless_catacombs
Tar:5:    layout_catacombs
Tar:6:    nicolae_tar_tart_auras, layout_cathedral_of_symmetry,
          nicolae_tar_cuneiform_water
Tar:7:    tar_grunt_cathedral
Zot:1:    kennysheep_six_static_rooms, layout_twisted_circle,
          gammafunk_ghost_split, grunt_ministairs_3
Zot:2:    layout_misc_corridors
Zot:3:    layout_concentric_octagons, lemuel_lake_of_fire
Zot:4:    layout_basic
Zot:5:    layout_basic

Skill      XL: |  1  2  3  4  5  6  7  8  9 10 11 12 13 14 15 16 17 18 19 20 21 22 23 24 25 26 27 |
---------------+----------------------------------------------------------------------------------+-----
Spellcasting   | 4 5 6 7 8 10 12 13 15 16 17 18 19 20 21 23 24 25 27 | 27.0
Conjurations   | 4 5 6 7 8 10 12 13 15 16 17 18 19 20 21 23 24 25 27 | 27.0
Hexes          | 4 5 6 7 8 10 12 13 15 16 17 18 19 20 21 23 24 25 27 | 27.0
Summonings     | 4 5 6 7 8 10 12 13 15 16 17 18 19 20 21 23 24 25 27 | 27.0
Necromancy     | 4 5 6 7 8 10 12 13 15 16 17 18 19 20 21 23 24 25 27 | 27.0
Translocations | 4 5 6 7 8 10 12 13 15 16 17 18 19 20 21 23 24 25 27 | 27.0
Transmutations | 4 5 6 7 8 10 12 13 15 16 17 18 19 20 21 23 24 25 27 | 27.0
Fire Magic     | 4 5 6 7 8 10 12 13 15 16 17 18 19 20 21 23 24 25 27 | 27.0
Ice Magic      | 4 5 6 7 8 10 12 13 15 16 17 18 19 20 21 23 24 25 27 | 27.0
Air Magic      | 4 5 6 7 8 10 12 13 15 16 17 18 19 20 21 23 24 25 27 | 27.0
Earth Magic    | 4 5 6 7 8 10 12 13 15 16 17 18 19 20 21 23 24 26 27 | 27.0
Poison Magic   | 4 5 6 7 8 10 12 13 15 16 17 18 19 20 21 23 24 25 27 | 27.0
Fighting       | 3 5 7 9 14 15 27 | 27.0
Armour         | 3 5 6 9 12 | 12.3
Invocations    | 3 5 7 9 10 12 13 15 | 15.4
Evocations     | 3 5 6 27 | 27.0
Dodging        | 4 6 8 9 16 | 16.8
Shields        | 7 9 11 12 18 | 18.3
Polearms       | 1 11 12 | 12.0
Shapeshifting  | 27 | 27.0
Stealth        | 27 | 27.0
Staves         | 8 |  8.7

Action                     |  1- 3 |  4- 6 |  7- 9 | 10-12 | 13-15 | 16-18 | 19-21 | 22-24 | 25-27 || total
---------------------------+-------+-------+-------+-------+-------+-------+-------+-------+-------++-------
  Melee: Staff             |       |       |    10 |     9 |     3 |    10 |     7 |     5 |    26 ||    70
         Lance             |       |       |       |       |       |       |       |     2 |   210 ||   212
   Cast: Magic Dart        |    73 |    62 |    36 |    10 |     4 |     2 |       |       |       ||   187
         Searing Ray       |     3 |     8 |    15 |    32 |    12 |     2 |       |     1 |       ||    73
         Iskenderun's Myst |       |     3 |    33 |    98 |   181 |   385 |   299 |   277 |   306 ||  1582
         Fulminant Prism   |       |     4 |    17 |    46 |    11 |     3 |       |       |       ||    81
         Ozocubu's Armour  |       |       |    10 |    36 |    68 |    63 |   103 |    71 |    67 ||   418
         Olgreb's Toxic Ra |       |       |    12 |    40 |   105 |    58 |    87 |    15 |     3 ||   320
         Anguish           |       |       |       |    10 |    32 |    17 |    12 |       |       ||    71
         Leda's Unmaking   |       |       |       |       |    19 |   126 |   215 |   284 |   715 ||  1359
         Summon Cactus Gia |       |       |       |       |       |     5 |       |     7 |     4 ||    16
         Alistair's Intoxi |       |       |       |       |       |     1 |     1 |       |       ||     2
         Eringya's Noxious |       |       |       |       |       |       |    22 |       |       ||    22
         Apportation       |       |       |       |       |       |       |     1 |       |     2 ||     3
         Discord           |       |       |       |       |       |       |    24 |   134 |    96 ||   254
         Maxwell's Capacit |       |       |       |       |       |       |       |     1 |    47 ||    48
         Fire Storm        |       |       |       |       |       |       |       |       |   722 ||   722
         Shatter           |       |       |       |       |       |       |       |       |  1174 ||  1174
Ability: Begin Untransform |       |       |       |       |       |       |       |       |     6 ||     6
         Siphon Essence    |       |       |       |       |       |       |       |       |     1 ||     1
         Evoke Blink       |       |       |       |       |       |       |       |       |     1 ||     1
  Evoke: Wand              |       |       |     3 |       |       |     1 |       |       |     2 ||     6
    Use: Scroll            |       |       |     3 |       |    24 |     3 |     2 |     9 |    13 ||    54
         Potion            |       |       |       |       |     1 |     1 |       |     2 |    31 ||    35
   Stab: Sleeping          |       |       |       |       |       |       |       |       |     1 ||     1
 Armour: Skin              |       |     1 |       |       |       |       |       |       |     6 ||     7
         Steam dragon scal |       |       |     6 |    32 |       |       |       |       |       ||    38
         Acid dragon scale |       |       |       |     6 |    75 |       |       |       |       ||    81
         Troll leather arm |       |       |       |       |     3 |    92 |   152 |    51 |   260 ||   558
  Dodge: Dodged            |     5 |     5 |    23 |    87 |   226 |   132 |   232 |    75 |   344 ||  1129
  Block: Other             |       |     4 |    10 |     1 |       |       |       |       |       ||    15
         Reflection        |       |     1 |     3 |       |       |       |       |    19 |    18 ||    41
         Kite shield       |       |       |       |       |     2 |   170 |   275 |    95 |   702 ||  1244
   Form: Death             |       |       |       |       |       |       |       |       |     7 ||     7

Table legend: (Time is in decaauts)
 A = Elapsed time spent in this place.
 B = Non-inter-level travel time spent in this place.
 C = Inter-level travel time spent in this place.
 D = Time resting spent in this place.
 E = Time spent auto-exploring this place.
 F = Levels seen in this place.
 G = Mean time per level.
                   A        B        C        D        E       F      G
               +--------+--------+--------+--------+--------+-----+--------+
         Total |  89133 |  78480 |  10653 |   6377 |  50306 | 137 |  650.6 |
       Dungeon |  20693 |  16985 |   3708 |   1983 |  12104 |  15 | 1379.5 |
        Temple |     36 |      4 |     32 |      0 |      0 |   1 |   36.0 |
          Lair |   5066 |   4285 |    781 |     33 |   3291 |   5 | 1013.2 |
        Shoals |   4140 |   3755 |    385 |    251 |   2689 |   4 | 1035.0 |
     Snake Pit |   4352 |   4050 |    302 |    160 |   2824 |   4 | 1088.0 |
    Slime Pits |   2843 |   2643 |    200 |     84 |   1995 |   5 |  568.6 |
  Orcish Mines |   3309 |   3012 |    297 |    668 |   1736 |   2 | 1654.5 |
   Elven Halls |   3922 |   3334 |    588 |    120 |   2380 |   3 | 1307.3 |
        Vaults |   8531 |   7461 |   1070 |    447 |   4927 |   5 | 1706.2 |
         Crypt |   3659 |   3194 |    465 |     31 |   2430 |   3 | 1219.7 |
          Tomb |   2399 |   2159 |    240 |    118 |   1568 |   3 |  799.7 |
        Depths |   5684 |   4224 |   1460 |    632 |   2375 |   4 | 1421.0 |
          Hell |    666 |    476 |    190 |      0 |    397 |   1 |  666.0 |
           Dis |   2482 |   2372 |    110 |    391 |   1196 |   7 |  354.6 |
       Gehenna |   1984 |   1908 |     76 |     71 |    635 |   7 |  283.4 |
       Cocytus |   1255 |   1228 |     27 |      8 |    802 |   7 |  179.3 |
      Tartarus |   2129 |   2049 |     80 |    218 |   1030 |   7 |  304.1 |
           Zot |   5146 |   4512 |    634 |    649 |   2692 |   5 | 1029.2 |
         Abyss |    512 |    512 |      0 |      0 |    197 |   5 |  102.4 |
   Pandemonium |   5841 |   5841 |      0 |    133 |   3842 |  14 |  417.2 |
      Ziggurat |   2395 |   2395 |      0 |    100 |    643 |  27 |   88.7 |
       Volcano |    440 |    440 |      0 |     28 |    135 |   1 |  440.0 |
        Wizlab |    626 |    626 |      0 |      7 |     77 |   1 |  626.0 |
    Desolation |   1011 |   1011 |      0 |    245 |    340 |   1 | 1011.0 |
               +--------+--------+--------+--------+--------+-----+--------+

Top non-repeatable levels by time:
    D:15: 2655 daAuts
   Orc:2: 2126 daAuts
    D:11: 2058 daAuts
     D:8: 2057 daAuts
Depths:1: 2003 daAuts
Vaults:2: 1913 daAuts
    D:14: 1869 daAuts
Vaults:4: 1804 daAuts
Vaults:1: 1804 daAuts
 Crypt:3: 1789 daAuts
    D:12: 1669 daAuts
   Dis:7: 1644 daAuts
     D:6: 1632 daAuts
Vaults:3: 1607 daAuts
Depths:3: 1565 daAuts
